 Dungeon Crawl Stone Soup version 0.31-a0-180-g519b7de00c (webtiles) character file.

Game seed: 18185088230881025698

452801 qw the Slayer (level 24, -5/168 HPs)
             Began as a Gargoyle Fighter on June 19, 2023.
             Was an Elder of Okawaru.
             Killed by divine providence
             ... invoked by a living spell
             ... summoned by a walking divine tome
              (17 damage)
             ... on level 3 of the Depths.
             The game lasted 00:37:52 (44376 turns).

qw the Slayer (Gargoyle Fighter)                   Turns: 44376, Time: 00:37:52

Health: -5/168     AC: 56    Str: 35    XL:     24   Next: 33%
Magic:  27/27      EV: 23    Int:  9    God:    Okawaru [****..]
Gold:   2012       SH: 22    Dex:  9    Spells: 23/23 levels left

rFire   . . .        k - +2 war axe (vamp)
rCold   + . .        a - +2 kite shield
rNeg    + . .        t - +3 plate armour {Will+}
rPois   inf          D - +1 hat of the Ward {rPois}
rElec   +            I - +2 cloak {Will+}
rCorr   .            c - +2 pair of gloves
SInv    +            i - +2 pair of boots
Will    +++..        l - amulet "Cimamucu" {Reflect *Slow rElec Regen+ Str+3 SH+5} Stlth
                     J - ring of the Hare {EV+10}
HPRegen 1.28/turn    f - ring "Ydusoize" {rC+ SInv}
MPRegen 0.20/turn

%: slow self (1%), reflection
@: about to teleport, heroic, flying
A: sickness immunity, AC +18, big wings, negative energy resistance 1,
electricity resistance, torment resistance 1, petrification resistance, antennae
1, deterioration 1, low MP 1, screaming 1
}: 2/15 runes: barnacled, gossamer
a: Renounce Religion, Heroism, Finesse


You were on level 3 of the Depths.
You worshipped Okawaru.
Okawaru was greatly pleased with you.
You visited 8 branches of the dungeon, and saw 38 of its levels.
You visited 1 bazaar.
You also visited: Desolation.

You collected 4103 gold pieces.
You spent 2091 gold pieces at shops.


Innate Abilities, Weirdness & Mutations

You are immune to sickness and miasma.
Your stone body is resilient. (AC +18)
You are immune to poison.
Your large and strong wings let you fly.
You resist negative energy. (rN+)
You are resistant to electric shocks. (rElec)
You are resistant to unholy torment.
You are immune to petrification.
You have a pair of small antennae on your head.
Your body sometimes deteriorates upon taking damage.
Your magical capacity is low. (-10% MP)
You occasionally shout uncontrollably at your foes.


   Skills:
 - Level 22.0(27) Fighting
 - Level 17.2(22.2) Axes
 - Level 13.0(18.0) Throwing
 - Level 21.0(26.0) Armour
 - Level 7.8(12.8) Dodging
 + Level 18.4(23.4) Shields
 - Level 10.0 Invocations


You had 23 spell levels left.
You didn't know any spells.
Your spell library was empty.

Inventory:

Hand Weapons
 k - a +2 vampiric war axe (weapon)
 B - a +4 broad axe of freezing
 G - a +2 vampiric war axe
Missiles
 b - 33 boomerangs
 C - 5 boomerangs of dispersal
 E - 2 silver boomerangs
 F - 7 silver javelins (quivered)
 H - 7 javelins
Armour
 a - a +2 kite shield (worn)
 c - a +2 pair of gloves (worn)
 i - a +2 pair of boots (worn)
 n - a +0 plate armour of cold resistance
 t - a +3 plate armour of willpower (worn)
 v - +0 fire dragon scales
 x - +0 acid dragon scales
 A - +0 ice dragon scales
 D - the +1 hat of the Ward (worn) {rPois}
   (You found it on level 4 of the Spider Nest)

   rPois:     It protects you from poison.
 I - a +2 cloak of willpower (worn)
Jewellery
 e - a ring of resist corrosion
 f - the ring "Ydusoize" (right hand) {rC+ SInv}
   (You acquired it on level 4 of the Lair of Beasts)

   [ring of see invisible]

   rC:        It protects you from cold.
   SInv:      It lets you see invisible.
 l - the amulet "Cimamucu" (around neck) {Reflect *Slow rElec Regen+ Str+3 SH+5}
   (You found it on level 15 of the Dungeon)

   [amulet of reflection]

   It reflects blocked missile attacks.
   Str:       It affects your strength (+3).
   rElec:     It insulates you from electricity.
   Regen:     It increases your rate of health regeneration.
   *Slow:     It may slow you when you take damage.
   SH:        It affects your SH (+5).
 s - the ring of the Hippo {EV+5 Int+2}
   (You found it on level 4 of the Vaults)

   [ring of evasion]

   EV:        It affects your evasion (+5).
   Int:       It affects your intelligence (+2).
 J - the ring of the Hare (left hand) {EV+10}
   (You found it on level 1 of the Vaults)

   [ring of evasion]

   EV:        It affects your evasion (+10).
 Y - the ring "Ligreci" {rF+ rC+ rCorr}
   (You acquired it on level 5 of the Dungeon)

   [ring of protection from fire]

   rF:        It protects you from fire.
   rC:        It protects you from cold.
   rCorr:     It protects you from acid and corrosion.
Wands
 y - a wand of digging (10)
Scrolls
 g - 31 scrolls of identify
 m - 8 scrolls of teleportation
Potions
 d - 5 potions of might
 h - 5 potions of magic
 j - 3 potions of resistance
 o - 2 potions of attraction
 p - 9 potions of enlightenment
 q - 3 potions of cancellation
 r - 2 potions of lignification
 u - 5 potions of mutation
 w - 9 potions of curing
 z - 6 potions of haste

Dungeon Overview and Level Annotations

Branches:
Dungeon (15/15)            Temple (1/1) D:5            Lair (5/5) D:11
 Shoals (4/4) Lair:2       Spider (4/4) Lair:2        Slime (0/5) Lair:5
    Orc (2/2) D:12            Elf (0/3) Orc:2        Vaults (4/5) D:14
  Crypt (0/3) Vaults:2     Depths (3/4) D:15        Desolation (visited)

Altars:
Ashenzari
Cheibriados
Dithmenos
Elyvilon
Fedhas
Gozag
Hepliaklqana
Kikubaaqudgha
Makhleb
Nemelex Xobeh
Okawaru
Qazlal
Ru
Sif Muna
Trog
Uskayaw
Vehumet
Wu Jian
Xom
Yredelemnul
Zin
The Shining One
Jiyva
Lugonu

Shops:
D:1 *   D:2 *   D:5 =*:?   D:9 *   D:10 [   D:13 *[:(=   Orc:2 [(*:

Portals:
Hell: Depths:1 Depths:2 Depths:3
Abyss: Lair:5 Depths:3
Pandemonium: Depths:1 Depths:2
Ziggurat: Depths:1
Trove: Vaults:1 (give +6 demon whip)

Annotations:
D:11 exclusion: fire crab
D:13 1 runed translucent door, 1 transporter, Leinaam's ghost, journeyman MiBe
D:15 2 runed translucent doors, Vuirau's ghost, journeyman DsGl
Spider:1 2 transporters
Orc:1 3 runed translucent doors, tatocazan's ghost, journeyman MiFi
Vaults:3 Mennas
Depths:1 3 runed translucent doors


Message History

You slash the lich!
You destroy the lich!
Okawaru accepts your kill.
You barely miss the walking divine tome.
You slash the walking divine tome!
The walking divine tome is heavily damaged.
The living spell casts itself at you. Something smites you!
The living spell casts itself at you. Something smites you!
You block the walking divine tome's attack.
You barely miss the walking divine tome.
The walking divine tome is heavily damaged.
The walking divine tome erupts in a flurry of living spells!
You hit the walking divine tome but do no damage.
The walking divine tome is heavily damaged.
You barely miss the living spell. You slash the walking divine tome!
The walking divine tome is heavily damaged.
You slice the living spell!!
You destroy the living spell!
The walking divine tome barely misses you.
The living spell casts itself at you. Something smites you!
The living spell casts itself at you. Something smites you!
44374 ||| READING 9 scrolls of teleportation.
As you read the scroll of teleportation, it crumbles to dust.
You feel strangely unstable.
The walking divine tome erupts in a flurry of living spells!
You slash the walking divine tome!
The walking divine tome is severely damaged.
The walking divine tome misses you.
You hit the walking divine tome.
The walking divine tome is severely damaged.
The living spell casts itself at you. Something smites you!
The living spell casts itself at you. Something smites you!
You die...

$... #... ...
.;..... #... ?..
¤¤¤¤¤~. #....
#.# ¤ ~~¤¤~~¤
#....##.## ~~
~¤¤¤~¤¤
#........# .~~
~..¤~¤¤
#.......*# .~~~
~.....~
#....*.;.# ..~~~
.....2~
#......@$#...~~~
.....2~
#........'...¤¤~
......p
#........#...¤¤~
..\....
#........# ..¤¤¤
......~
####+##+## ¤¤~~
......¤ ¤¤~
..)=..~ ~¤
~....~~ ¤
~~..~~~


You could see a walking divine tome and 2 living smiting commandments.

Vanquished Creatures
  Frederick (Vaults:3)
  Bai Suzhen (Spider:3)
  Xtahua (Vaults:4)
  Jory (Vaults:3)
  Jorgrun (Spider:3)
  Mlioglotl (Shoals:3)
  A lich (Depths:3)
  A titan (Depths:2)
  A kraken (Shoals:2)
  2 sphinxes
  Polyphemus (Shoals:2)
  Kirke (Lair:3)
  A tengu reaver (Depths:2)
  Ilsuiw (Shoals:3)
  Roxanne (Spider:2)
  6 emperor scorpions (Spider:4)
  A shadow dragon (Depths:3)
  A fire giant (Depths:2)
  3 frost giants
  Aizul (Spider:3)
  6 vault wardens
  An iron dragon (Vaults:4)
  2 orc warlords
  A ghost moth (Spider:4)
  3 imperial myrmidons (Desolation)
  3 formless jellyfish
  A reaper (Depths:3)
  12 ironbound preservers
  9 ironbound thunderhulks
  A spriggan defender (Depths:2)
  15 very ugly things
  2 war gargoyles (Vaults:3)
  4 broodmothers
  3 stone giants
  3 vampire knights
  13 dire elephants
  11 spark wasps
  Josephine (D:12)
  5 merfolk javelineers
  10 merfolk impalers
  8 ettins
  6 fire dragons
  6 yaktaur captains
  Snorg (D:11)
  An entropy weaver (shapeshifter) (Lair:5)
  5 crystal guardians
  5 entropy weavers
  4 ragged hierophants (Desolation)
  Fannar (Lair:3)
  3 ice dragons
  5 servants of whispers (Desolation)
  9 hydras
  7 rakshasas
  9 great orbs of eyes
  Erolcha (D:12)
  2 spriggan air magi (Depths:2)
  16 peacekeepers
  9 ironbound frosthearts
  9 boulder beetles
  2 jorogumos
  10 vault guards
  An alligator snapping turtle (Shoals:2)
  4 catoblepae
  9 centaur warriors
  5 radroaches
  A hell beast (Depths:2)
  Erica (Orc:1)
  4 merfolk aquamancers
  5 merfolk avatars
  2 satyrs (Shoals:4)
  2 two-headed ogres
  5 deep troll shamans
  3 deep troll earth magi
  2 hell hogs (Depths:3)
  5 demonic crawlers
  Urug (D:12)
  8 death yaks
  8 tengu warriors
  3 thrashing horrors (Lair:5)
  2 orc high priests
  A vampire mage (Depths:1)
  6 soul eaters
  A spriggan berserker (Depths:2)
  A sun demon (Depths:3)
  7 skysharks
  A sixfirhy (Depths:2)
  Sonja (D:11)
  A fire crab (D:11)
  2 sun moths
  5 iron trolls
  3 skeletal warriors (D:12)
  10 pharaoh ants
  14 sea snakes
  45 deep trolls
  3 glowing orange brains
  7 wizards
  An orange crystal statue (Depths:1)
  A deep elf archer (D:14)
  7 orb spiders
  5 harpies
  5 steelbarb worms
  3 necromancers
  17 lindwurms
  2 fire giant zombies (Vaults:2)
  26 wolf spiders
  21 ironbound convokers
  8 orc knights
  6 cyclopes
  2 deep elf pyromancers
  45 ugly things
  2 deep elf zephyrmancers (D:14)
  15 fauns
  An oklob plant (Lair:5)
  5 orc sorcerers
  11 manticores
  A sphinx skeleton (Vaults:2)
  2 tengu skeletons (Vaults:2)
  A rust devil (Depths:2)
  18 merfolk sirens
  3 moths of wrath
  An ice statue (Shoals:3)
  3 guardian serpents (Desolation)
  11 elephants (Lair:5)
  14 vault sentinels
  4 black mambas
  9 cane toads
  7 torpor snails
  A frost giant skeleton (Vaults:2)
  An orange demon (Depths:2)
  8 water nymphs
  A guardian serpent (shapeshifter) (Lair:5)
  10 smoke demons
  An elf zombie (Vaults:2)
  A gargoyle (D:10)
  2 unseen horrors (Depths:1)
  4 kobold demonologists
  An efreet (D:15)
  2 rime drakes
  4 harpy zombies (Shoals:2)
  6 komodo dragons
  24 yaktaurs
  2 tengu conjurers
  A hellwing (Depths:2)
  5 trolls
  An ancient zyme (Lair:5)
  A tengu simulacrum (Vaults:2)
  A meliai (D:10)
  24 merfolk
  A troll (shapeshifter) (D:10)
  2 polar bears
  13 hornets
  Grinder (D:6)
  56 saltlings (Desolation)
  A wolf spider simulacrum (D:14)
  22 tarantellas
  Prince Ribbit (Lair:3)
  19 dream sheep
  4 wind drakes
  A dream sheep (shapeshifter) (Vaults:4)
  9 snapping turtles
  28 blink frogs
  34 jumping spiders
  14 slime creatures
  14 culicivoras
  2 shadows
  2 centaur simulacra
  2 spriggans (Lair:5)
  10 wraiths
  62 yaks
  4 vampires
  7 water elementals
  6 hogs (Lair:3)
  2 ynoxinuls (Lair:5)
  A wyvern (Lair:4)
  8 large abominations
  69 redbacks
  Grum (D:10)
  A redback (shapeshifter) (D:8)
  11 vampire mosquitoes
  8 basilisks
  6 steam dragons
  2 chaos spawn (Lair:5)
  A neqoxec (Depths:2)
  7 wargs
  3 acid dragons
  17 water moccasins
  2 black bears
  A manticore zombie (Shoals:2)
  3 sky beasts
  36 orc warriors
  3 ice beasts
  7 boggarts
  22 wolves
  6 ogres
  5 centaurs
  2 phantoms
  5 kobold brigands
  13 bullfrogs
  3 scorpions
  15 small abominations
  2 wights (D:9)
  15 killer bees
  A howler monkey (D:6)
  5 electric eels
  2 hounds
  2 jellies
  17 orc priests
  4 iguanas
  2 sleepcaps
  24 orc wizards
  8 gnolls
  12 adders
  2 shadow imps
  2 white imps
  An ufetubus (D:4)
  7 worms
  4 dart slugs
  68 orcs
  7 ball pythons
  8 endoplasms
  6 giant cockroaches
  12 goblins
  10 hobgoblins
  4 quokkas
  6 bats
  3 frilled lizards
  17 kobolds
  11 rats
  4 spectral weapons (Vaults:3)
  3 tentacles (Shoals:2)
1634 creatures vanquished.

Vanquished Creatures (others)
  Asterion (Vaults:3)
  A fire giant (Depths:2)
  A ghost moth (Spider:1)
  A merfolk aquamancer (Shoals:3)
  A wizard (Vaults:4)
  Maurice (D:11)
  A culicivora (Spider:1)
  2 orc priests
  An orc wizard (D:14)
  A butterfly (D:3)
  3 tentacles (Shoals:2)
14 creatures vanquished.

Grand Total: 1648 creatures vanquished

Notes
Turn   | Place    | Note
-------+----------+-------------------------------------------
     0 | D:1      | qw the Gargoyle Fighter began the quest for the Orb.
     0 | D:1      | Reached XP level 1. HP: 14/14 MP: 1/1
     0 | D:1      | 0 ||| qw: Version: 0.3-a-7-ge0c9b40
     0 | D:1      | 0 ||| qw: Game counter: 1089
     0 | D:1      | 0 ||| qw: Always use a shield: true
     0 | D:1      | 0 ||| qw: God list: Okawaru
     0 | D:1      | 0 ||| qw: Allow faded altars: false
     0 | D:1      | 0 ||| qw: Do Orc after D:15 true
     0 | D:1      | 0 ||| qw: Do second Lair branch before Depths: true
     0 | D:1      | 0 ||| qw: Lair rune preference: random
     0 | D:1      | 0 ||| qw: Plans: Normal, Zot:1-4, Slime:5, God:TSO, Crypt,
                  | Tomb, Abyss, Pan, Hells, Win
     0 | D:1      | 0 ||| PLANNING D:1-11
    66 | D:1      | Reached XP level 2. HP: 6/19 MP: 2/2
   286 | D:1      | Reached skill level 3 in Axes
   286 | D:1      | 286 ||| FLEEEEING.
   287 | D:1      | 287 ||| FLEEEEING.
   288 | D:1      | 288 ||| FLEEEEING.
   289 | D:1      | 289 ||| FLEEEEING.
   290 | D:1      | 290 ||| FLEEEEING.
   291 | D:1      | 291 ||| FLEEEEING.
   292 | D:1      | 292 ||| FLEEEEING.
   294 | D:1      | 294 ||| FLEEEEING.
   295 | D:1      | 295 ||| FLEEEEING.
   296 | D:1      | 296 ||| FLEEEEING.
   297 | D:1      | 297 ||| FLEEEEING.
   298 | D:1      | 298 ||| FLEEEEING.
   299 | D:1      | 299 ||| FLEEEEING.
   300 | D:1      | 300 ||| FLEEEEING.
   301 | D:1      | 301 ||| FLEEEEING.
   302 | D:1      | 302 ||| FLEEEEING.
   303 | D:1      | 303 ||| FLEEEEING.
   305 | D:1      | 305 ||| FLEEEEING.
   365 | D:1      | Reached XP level 3. HP: 15/23 MP: 3/3
   403 | D:1      | Found Cijex's Assorted Antiques.
   411 | D:1      | 411 ||| BUYING green potion (21 gold).
   411 | D:1      | Bought a green potion for 21 gold pieces
   411 | D:1      | 411 ||| BUYING orange potion (21 gold).
   411 | D:1      | Bought an orange potion for 21 gold pieces
   411 | D:1      | 411 ||| SHOPLISTING runed helmet (180 gold, have 3).
   411 | D:1      | 411 ||| SHOPLISTING scroll labelled ALOUSUR OHEARGH (24
                  | gold, have 3).
   507 | D:1      | 507 ||| DROPPING +0 club.
   516 | D:1      | 516 ||| READING scroll labelled QOERRU KIOFF.
   517 | D:1      | 517 ||| READING scroll labelled FYCKUA VAADAO.
   634 | D:2      | Found Raly's General Store.
   641 | D:2      | 641 ||| SHOPLISTING +0 flail (42 gold, have 3).
   641 | D:2      | 641 ||| SHOPLISTING +0 ring mail of cold resistance (132
                  | gold, have 3).
   641 | D:2      | 641 ||| SHOPLISTING scroll of teleportation (36 gold, have
                  | 3).
   699 | D:2      | Reached XP level 4. HP: 19/28 MP: 4/4
   707 | D:2      | HP: 5/28 [gnoll/+0 spear (7)]
   712 | D:2      | HP: 5/28 [gnoll/+0 spear (2)]
   848 | D:2      | Found a faded altar of an unknown god.
  1126 | D:2      | 1126 ||| READING scroll labelled ROROL NEABBOL.
  1127 | D:2      | 1127 ||| READING scroll labelled ZACOEV NASOTH.
  1128 | D:2      | 1128 ||| READING scroll labelled NUMUKH BUAH.
  1164 | D:3      | 1164 ||| PLANNING SEWER
  1190 | D:3      | Reached XP level 5. HP: 14/32 MP: 5/5
  1203 | D:3      | 1203 ||| FLEEEEING.
  1204 | D:3      | 1204 ||| FLEEEEING.
  1205 | D:3      | 1205 ||| FLEEEEING.
  1206 | D:3      | 1206 ||| FLEEEEING.
  1207 | D:3      | 1207 ||| FLEEEEING.
  1208 | D:3      | 1208 ||| FLEEEEING.
  1209 | D:3      | 1209 ||| FLEEEEING.
  1210 | D:3      | 1210 ||| FLEEEEING.
  1211 | D:3      | 1211 ||| FLEEEEING.
  1212 | D:3      | 1212 ||| FLEEEEING.
  1213 | D:3      | 1213 ||| FLEEEEING.
  1214 | D:3      | 1214 ||| FLEEEEING.
  1215 | D:3      | 1215 ||| FLEEEEING.
  1216 | D:3      | 1216 ||| FLEEEEING.
  1217 | D:3      | 1217 ||| FLEEEEING.
  1218 | D:3      | 1218 ||| STAIRDANCE
  1274 | D:3      | 1274 ||| STAIRDANCE
  1297 | D:2      | 1297 ||| UPGRADING to +0 chain mail.
  1307 | D:2      | 1307 ||| DROPPING +0 scale mail.
  1770 | D:3      | Found a white marble altar of Elyvilon.
  1883 | D:3      | 1883 ||| Stepping ~*~*~tactically~*~*~ (stealth).
  1891 | D:3      | 1891 ||| RIP SEWER
  1894 | D:3      | 1894 ||| PLANNING D:1-11
  1919 | D:3      | 1919 ||| Stepping ~*~*~tactically~*~*~ (water).
  2048 | D:3      | 2048 ||| UPGRADING to +0 cloak.
  2053 | D:3      | 2053 ||| READING scroll labelled UHOITACVOLA.
  2054 | D:3      | 2054 ||| DRINKING 2 glowing puce potions.
  2055 | D:3      | 2055 ||| READING 3 scrolls of identify.
  2055 | D:3      | 2055 ||| IDENTIFYING blue potion
  2056 | D:3      | 2056 ||| READING 2 scrolls of identify.
  2056 | D:3      | 2056 ||| IDENTIFYING metallic yellow potion
  2057 | D:3      | 2057 ||| DROPPING potion of brilliance.
  2058 | D:3      | 2058 ||| DROPPING potion of degeneration.
  2129 | D:4      | 2129 ||| Stepping ~*~*~tactically~*~*~ (stealth).
  2412 | D:4      | Reached skill level 4 in Fighting
  2412 | D:4      | 2412 ||| FLEEEEING.
  2413 | D:4      | 2413 ||| FLEEEEING.
  2414 | D:4      | 2414 ||| FLEEEEING.
  2415 | D:4      | 2415 ||| FLEEEEING.
  2416 | D:4      | 2416 ||| FLEEEEING.
  2417 | D:4      | 2417 ||| FLEEEEING.
  2418 | D:4      | 2418 ||| FLEEEEING.
  2419 | D:4      | 2419 ||| FLEEEEING.
  2420 | D:4      | 2420 ||| FLEEEEING.
  2422 | D:4      | 2422 ||| FLEEEEING.
  2423 | D:4      | 2423 ||| FLEEEEING.
  2424 | D:4      | 2424 ||| FLEEEEING.
  2425 | D:4      | 2425 ||| FLEEEEING.
  2426 | D:4      | 2426 ||| FLEEEEING.
  2427 | D:4      | 2427 ||| FLEEEEING.
  2428 | D:4      | 2428 ||| FLEEEEING.
  2429 | D:4      | 2429 ||| FLEEEEING.
  2634 | D:4      | Found an ancient bone altar of Kikubaaqudgha.
  2768 | D:4      | Reached XP level 6. HP: 25/38 MP: 6/6
  2866 | D:4      | 2866 ||| Stepping ~*~*~tactically~*~*~ (stealth).
  2931 | D:4      | 2931 ||| Stepping ~*~*~tactically~*~*~ (stealth).
  2933 | D:4      | 2933 ||| Stepping ~*~*~tactically~*~*~ (stealth).
  3068 | D:4      | 3068 ||| Stepping ~*~*~tactically~*~*~ (stealth).
  3077 | D:4      | Reached skill level 6 in Axes
  3077 | D:4      | Reached XP level 7. HP: 18/43 MP: 7/7
  3256 | D:4      | 3256 ||| DRINKING 2 inky potions.
  3257 | D:4      | 3257 ||| DRINKING 2 fuming orange potions.
  3258 | D:4      | 3258 ||| READING 2 scrolls of identify.
  3258 | D:4      | 3258 ||| IDENTIFYING grey potion
  3311 | D:5      | Entered Level 5 of the Dungeon
  3313 | D:5      | 3313 ||| Stepping ~*~*~tactically~*~*~ (hiding).
  3321 | D:5      | Reached skill level 1 in Dodging
  3388 | D:5      | Found a bloodstained altar of Trog.
  3397 | D:5      | Found Efiobil's Assorted Antiques.
  3429 | D:5      | 3429 ||| DROPPING +1 mace of protection.
  3433 | D:5      | Found Havinueg's Jewellery Emporium.
  3437 | D:5      | 3437 ||| BUYING bronze wand (100 gold).
  3437 | D:5      | Bought a bronze wand for 100 gold pieces
  3437 | D:5      | 3437 ||| BUYING green potion (22 gold).
  3437 | D:5      | Bought a green potion for 22 gold pieces
  3437 | D:5      | 3437 ||| SHOPLISTING helmet (112 gold, have 91).
  3437 | D:5      | 3437 ||| SHOPLISTING long bone wand (100 gold, have 91).
  3437 | D:5      | 3437 ||| SHOPLISTING scratched moonstone ring (125 gold,
                  | have 91).
  3437 | D:5      | 3437 ||| BUYING scroll labelled FAONUPS IWKIURCH (25 gold).
  3437 | D:5      | Bought a scroll labelled FAONUPS IWKIURCH for 25 gold
                  | pieces
  3437 | D:5      | 3437 ||| BUYING scroll labelled RILODI XIENOCA (25 gold).
  3437 | D:5      | Bought a scroll labelled RILODI XIENOCA for 25 gold pieces
  3437 | D:5      | 3437 ||| BUYING smoky inky potion (22 gold).
  3437 | D:5      | Bought a smoky inky potion for 22 gold pieces
  3468 | D:5      | 3468 ||| SHOPLISTING amulet of regeneration (420 gold, have
                  | 19).
  3468 | D:5      | 3468 ||| SHOPLISTING amulet of the acrobat (420 gold, have
                  | 19).
  3468 | D:5      | 3468 ||| SHOPLISTING ring of protection from fire (350
                  | gold, have 19).
  3468 | D:5      | 3468 ||| SHOPLISTING ring of see invisible (210 gold, have
                  | 19).
  3472 | D:5      | Found a hide-covered altar of Uskayaw.
  3475 | D:5      | Noticed a +0 dagger
  3476 | D:5      | Noticed a +0 dagger
  3674 | D:5      | Reached XP level 8. HP: 46/48 MP: 8/8
  3682 | D:5      | Found a staircase to the Ecumenical Temple.
  3683 | D:5      | 3683 ||| PLANNING TEMPLE
  3683 | D:5      | 3683 ||| DROPPING ring of wizardry.
  3684 | D:5      | 3684 ||| READING scroll labelled FAONUPS IWKIURCH.
  3684 | D:5      | 3684 ||| ACQUIRING ring "Ligreci" {rF+ rC+ rCorr}
  3684 | D:5      | Acquired the ring "Ligreci" {rF+ rC+ rCorr}
  3685 | D:5      | 3685 ||| READING scroll labelled RILODI XIENOCA.
  3721 | D:5      | 3721 ||| DRINKING 3 green potions.
  3826 | D:5      | 3826 ||| DRINKING 2 smoky inky potions.
  3827 | D:5      | 3827 ||| DRINKING potion of curing.
  3827 | D:5      | 3827 ||| (to cure confusion)
  3828 | D:5      | 3828 ||| DROPPING 2 potions of berserk rage.
  3829 | D:5      | 3829 ||| DROPPING wand of polymorph (8).
  3830 | D:5      | 3830 ||| DROPPING potion of ambrosia.
  3839 | Temple   | Entered the Ecumenical Temple
  3858 | Temple   | 3858 ||| PLANNING OKAWARU WORSHIP
  4282 | Temple   | Became a worshipper of Warmaster Okawaru
  4283 | Temple   | 4283 ||| PLANNING D:1-11
  4342 | D:5      | Found Boes's Book Boutique.
  4479 | D:5      | Found Kaleo's Magic Scroll Shop.
  4499 | D:5      | 4499 ||| BUYING scroll of identify (26 gold).
  4499 | D:5      | Bought a scroll of identify for 26 gold pieces
  4499 | D:5      | 4499 ||| BUYING scroll of identify (26 gold).
  4499 | D:5      | Bought a scroll of identify for 26 gold pieces
  4499 | D:5      | 4499 ||| SHOPLISTING scroll of teleportation (39 gold, have
                  | 12).
  4521 | D:5      | 4521 ||| UPGRADING to +2 kite shield.
  4531 | D:5      | 4531 ||| DROPPING +0 buckler.
  4532 | D:5      | 4532 ||| UPGRADING to ring "Ligreci" {rF+ rC+ rCorr}.
  4533 | D:5      | 4533 ||| READING 3 scrolls of identify.
  4533 | D:5      | 4533 ||| IDENTIFYING orange potion
  4534 | D:5      | 4534 ||| READING 2 scrolls of identify.
  4534 | D:5      | 4534 ||| IDENTIFYING fuming blue potion
  4797 | D:6      | 4797 ||| Stepping ~*~*~tactically~*~*~ (stealth).
  4815 | D:6      | HP: 10/48 [black bear (4)]
  4816 | D:6      | 4816 ||| READING 4 scrolls of teleportation.
  4817 | D:6      | 4817 ||| DRINKING potion of heal wounds.
  4899 | D:6      | 4899 ||| READING scroll labelled TOZ RIDENOPEN.
  4904 | D:6      | 4904 ||| STAIRDANCE
  4925 | D:6      | Noticed Grinder
  4940 | D:6      | Paralysed by Grinder for 3 turns
  4944 | D:6      | Paralysed by Grinder for 4 turns
  4949 | D:6      | Killed Grinder
  4949 | D:6      | Reached * piety under Okawaru
  5030 | D:6      | 5030 ||| READING scroll labelled TUDDYXANLI.
  5038 | D:6      | 5038 ||| STAIRDANCE
  5086 | D:6      | 5086 ||| INVOKING Heroism.
  5090 | D:6      | Reached skill level 6 in Shields
  5114 | D:6      | Reached skill level 5 in Fighting
  5420 | D:6      | Reached skill level 1 in Invocations
  5580 | D:6      | Found an ornate altar of the Wu Jian Council.
  5584 | D:6      | 5584 ||| Stepping ~*~*~tactically~*~*~ (stealth).
  5588 | D:6      | 5588 ||| INVOKING Heroism.
  5597 | D:6      | Reached XP level 9. HP: 52/54 MP: 7/10
  6029 | D:6      | 6029 ||| READING scroll labelled MECIL OMPUVYI.
  6030 | D:6      | 6030 ||| READING scroll labelled YMNIAC NUCEQU.
  6031 | D:6      | 6031 ||| READING scroll labelled KOUNEBOEKK.
  6132 | D:6      | 6132 ||| READING 2 scrolls of identify.
  6132 | D:6      | 6132 ||| IDENTIFYING fuming golden potion
  6258 | D:7      | Reached skill level 3 in Invocations
  6281 | D:7      | 6281 ||| Stepping ~*~*~tactically~*~*~ (stealth).
  6281 | D:7      | Noticed a hornet
  6295 | D:7      | Killed a hornet
  6302 | D:7      | 6302 ||| FLEEEEING.
  6303 | D:7      | 6303 ||| FLEEEEING.
  6304 | D:7      | 6304 ||| FLEEEEING.
  6305 | D:7      | 6305 ||| FLEEEEING.
  6307 | D:7      | 6307 ||| FLEEEEING.
  6309 | D:7      | 6309 ||| FLEEEEING.
  6317 | D:7      | Reached ** piety under Okawaru
  6566 | D:7      | Found a blossoming altar of Fedhas.
  6569 | D:7      | Found a broken altar of Ashenzari.
  6571 | D:7      | 6571 ||| INVOKING Heroism.
  6580 | D:7      | Reached skill level 6 in Fighting
  6620 | D:7      | 6620 ||| Stepping ~*~*~tactically~*~*~ (hiding).
  6628 | D:7      | 6628 ||| INVOKING Heroism.
  6655 | D:7      | 6655 ||| Stepping ~*~*~tactically~*~*~ (stealth).
  6677 | D:7      | Found a shimmering altar of Xom.
  6823 | D:7      | 6823 ||| UPGRADING to +0 pair of gloves.
  6828 | D:7      | 6828 ||| UPGRADING to +0 plate armour.
  6838 | D:7      | 6838 ||| DROPPING +0 chain mail.
  6839 | D:7      | 6839 ||| READING scroll labelled DEWNEAG GEED.
  6868 | D:8      | 6868 ||| Stepping ~*~*~tactically~*~*~ (hiding).
  7008 | D:8      | 7008 ||| INVOKING Heroism.
  7047 | D:8      | 7047 ||| FLEEEEING.
  7048 | D:8      | 7048 ||| FLEEEEING.
  7049 | D:8      | 7049 ||| FLEEEEING.
  7050 | D:8      | 7050 ||| FLEEEEING.
  7051 | D:8      | 7051 ||| FLEEEEING.
  7056 | D:8      | 7056 ||| FLEEEEING.
  7057 | D:8      | 7057 ||| FLEEEEING.
  7058 | D:8      | 7058 ||| FLEEEEING.
  7059 | D:8      | 7059 ||| FLEEEEING.
  7060 | D:8      | 7060 ||| FLEEEEING.
  7061 | D:8      | 7061 ||| FLEEEEING.
  7062 | D:8      | 7062 ||| FLEEEEING.
  7070 | D:8      | 7070 ||| FLEEEEING.
  7071 | D:8      | 7071 ||| FLEEEEING.
  7072 | D:8      | 7072 ||| FLEEEEING.
  7078 | D:8      | 7078 ||| FLEEEEING.
  7079 | D:8      | 7079 ||| FLEEEEING.
  7080 | D:8      | 7080 ||| Stepping ~*~*~tactically~*~*~ (hiding).
  7085 | D:8      | 7085 ||| INVOKING Heroism.
  7284 | D:8      | 7284 ||| INVOKING Heroism.
  7293 | D:8      | Reached XP level 10. HP: 42/61 MP: 11/13
  7565 | D:8      | Found a sacrificial altar of Ru.
  7566 | D:8      | Found a glowing silver altar of Zin.
  7710 | D:8      | 7710 ||| INVOKING Heroism.
  7714 | D:8      | a yaktaur changed into a death drake
  7714 | D:8      | Noticed a death drake (shapeshifter)
  7725 | D:8      | 7725 ||| INVOKING Heroism.
  7742 | D:8      | 7742 ||| INVOKING Heroism.
  7744 | D:8      | a death drake changed into a redback
  7867 | D:8      | 7867 ||| READING 2 scrolls of identify.
  7867 | D:8      | 7867 ||| IDENTIFYING yellow potion
  7897 | D:9      | Found Zuv Wod's Demolitions Depot.
  7898 | D:9      | Found a flagged portal.
  7947 | D:9      | Reached skill level 9 in Axes
  8030 | D:9      | Noticed a brown ugly thing
  8034 | D:9      | Noticed a kobold demonologist
  8040 | D:9      | 8040 ||| INVOKING Heroism.
  8050 | D:9      | Killed a brown ugly thing
  8051 | D:9      | Reached skill level 6 in Armour
  8055 | D:9      | 8055 ||| DRINKING potion of curing.
  8055 | D:9      | 8055 ||| (to cure confusion)
  8060 | D:9      | Killed a kobold demonologist
  8061 | D:9      | Reached skill level 7 in Fighting
  8069 | D:9      | 8069 ||| INVOKING Heroism.
  8085 | D:9      | Reached skill level 9 in Shields
  8133 | D:9      | 8133 ||| Stepping ~*~*~tactically~*~*~ (stealth).
  8155 | D:9      | 8155 ||| INVOKING Heroism.
  8162 | D:9      | 8162 ||| Stepping ~*~*~tactically~*~*~ (stealth).
  8166 | D:9      | 8166 ||| Stepping ~*~*~tactically~*~*~ (stealth).
  8179 | D:9      | 8179 ||| Stepping ~*~*~tactically~*~*~ (stealth).
  8199 | D:9      | 8199 ||| Stepping ~*~*~tactically~*~*~ (stealth).
  8225 | D:9      | 8225 ||| READING scroll of enchant armour.
  8225 | D:9      | 8225 ||| ENCHANTING +0 pair of gloves.
  8229 | D:9      | 8229 ||| Stepping ~*~*~tactically~*~*~ (stealth).
  8340 | D:9      | 8340 ||| Stepping ~*~*~tactically~*~*~ (hiding).
  8397 | D:9      | Noticed a two-headed ogre
  8398 | D:9      | 8398 ||| INVOKING Heroism.
  8404 | D:9      | Killed a two-headed ogre
  8708 | D:9      | 8708 ||| READING scroll of enchant armour.
  8708 | D:9      | 8708 ||| ENCHANTING +1 pair of gloves.
  8711 | D:9      | 8711 ||| INVOKING Heroism.
  8752 | D:9      | 8752 ||| Stepping ~*~*~tactically~*~*~ (stealth).
  8772 | D:9      | Reached XP level 11. HP: 59/68 MP: 14/14
  8776 | D:9      | Reached skill level 8 in Fighting
  8828 | D:9      | 8828 ||| UPGRADING to +6 ring of strength.
  8849 | D:10     | Entered Level 10 of the Dungeon
  8865 | D:10     | Found Ihoguuxa's Armour Shop.
  8880 | D:10     | 8880 ||| SHOPLISTING +2 helmet of intelligence (279 gold,
                  | have 182).
  8880 | D:10     | 8880 ||| SHOPLISTING +4 chain mail of willpower (409 gold,
                  | have 182).
  8906 | D:10     | 8906 ||| Stepping ~*~*~tactically~*~*~ (stealth).
  8918 | D:10     | 8918 ||| INVOKING Heroism.
  8920 | D:10     | Reached skill level 3 in Throwing
  9054 | D:10     | Noticed Grum
  9056 | D:10     | 9056 ||| Stepping ~*~*~tactically~*~*~ (hiding).
  9061 | D:10     | 9061 ||| INVOKING Heroism.
  9066 | D:10     | Killed Grum
  9336 | D:10     | 9336 ||| INVOKING Heroism.
  9845 | D:10     | 9845 ||| Stepping ~*~*~tactically~*~*~ (hiding).
  9849 | D:10     | 9849 ||| INVOKING Heroism.
  9956 | D:10     | 9956 ||| INVOKING Heroism.
 10134 | D:10     | Reached *** piety under Okawaru
 10228 | D:10     | Noticed a centaur warrior
 10230 | D:10     | 10230 ||| INVOKING Heroism.
 10238 | D:10     | Killed a centaur warrior
 10403 | D:10     | 10403 ||| INVOKING Heroism.
 10452 | D:10     | Noticed a cyclops
 10453 | D:10     | 10453 ||| INVOKING Heroism.
 10466 | D:10     | Killed a cyclops
 10541 | D:10     | Noticed a deep elf pyromancer
 10550 | D:10     | Killed a deep elf pyromancer
 10557 | D:10     | Noticed a wolf spider
 10558 | D:10     | 10558 ||| INVOKING Heroism.
 10569 | D:10     | Killed a wolf spider
 10663 | D:10     | 10663 ||| INVOKING Heroism.
 10672 | D:10     | Reached skill level 9 in Fighting
 10851 | D:10     | 10851 ||| UPGRADING to +0 helmet.
 10861 | D:10     | 10861 ||| DROPPING +6 ring of intelligence.
 10862 | D:10     | 10862 ||| READING scroll labelled ALOUSUR OHEARGH.
 10863 | D:10     | 10863 ||| READING 2 scrolls of identify.
 10863 | D:10     | 10863 ||| IDENTIFYING amethyst potion
 10987 | D:11     | 10987 ||| FLEEEEING.
 10988 | D:11     | 10988 ||| FLEEEEING.
 10989 | D:11     | 10989 ||| FLEEEEING.
 10990 | D:11     | 10990 ||| FLEEEEING.
 10991 | D:11     | 10991 ||| FLEEEEING.
 10992 | D:11     | 10992 ||| FLEEEEING.
 10993 | D:11     | 10993 ||| FLEEEEING.
 10994 | D:11     | 10994 ||| FLEEEEING.
 10995 | D:11     | 10995 ||| FLEEEEING.
 11056 | D:11     | 11056 ||| INVOKING Heroism.
 11058 | D:11     | Reached **** piety under Okawaru
 11059 | D:11     | Reached XP level 12. HP: 34/76 MP: 12/15
 11276 | D:11     | Found a staircase to the Lair.
 11277 | D:11     | 11277 ||| UPGRADING to +2 helmet.
 11287 | D:11     | 11287 ||| FLEEEEING.
 11294 | D:11     | 11294 ||| STAIRDANCE
 11323 | D:10     | 11323 ||| DROPPING +0 helmet.
 11455 | D:11     | Noticed Snorg
 11456 | D:11     | 11456 ||| Stepping ~*~*~tactically~*~*~ (hiding).
 11459 | D:11     | 11459 ||| Stepping ~*~*~tactically~*~*~ (stealth).
 11481 | D:11     | 11481 ||| INVOKING Heroism.
 11491 | D:11     | Killed Snorg
 11690 | D:11     | 11690 ||| READING scroll of enchant armour.
 11690 | D:11     | 11690 ||| ENCHANTING +0 cloak.
 11819 | D:11     | Noticed Maurice
 11820 | D:11     | 11820 ||| Stepping ~*~*~tactically~*~*~ (hiding).
 11823 | D:11     | 11823 ||| INVOKING Heroism.
 11831 | D:11     | Killed Maurice
 11836 | D:11     | Reached skill level 6 in Invocations
 11932 | D:11     | Noticed Sonja
 11936 | D:11     | 11936 ||| FLEEEEING.
 11937 | D:11     | 11937 ||| FLEEEEING.
 11938 | D:11     | 11938 ||| FLEEEEING.
 11940 | D:11     | 11940 ||| INVOKING Heroism.
 11942 | D:11     | HP: 17/76 [Sonja/+2 dagger of distortion (10)]
 11943 | D:11     | 11943 ||| READING 7 scrolls of teleportation.
 11944 | D:11     | 11944 ||| DRINKING potion of heal wounds.
 11946 | D:11     | Killed Sonja
 12014 | D:11     | 12014 ||| Stepping ~*~*~tactically~*~*~ (stealth).
 12121 | D:11     | 12121 ||| Stepping ~*~*~tactically~*~*~ (hiding).
 12130 | D:11     | 12130 ||| INVOKING Heroism.
 12508 | D:11     | 12508 ||| PLANNING LAIR
 12577 | Lair:1   | Entered Level 1 of the Lair of Beasts
 12726 | Lair:1   | Noticed a boulder beetle
 12727 | Lair:1   | 12727 ||| Stepping ~*~*~tactically~*~*~ (stealth).
 12729 | Lair:1   | 12729 ||| Stepping ~*~*~tactically~*~*~ (stealth).
 12739 | Lair:1   | 12739 ||| INVOKING Heroism.
 12753 | Lair:1   | Killed a boulder beetle
 12754 | Lair:1   | Reached skill level 12 in Axes
 12757 | Lair:1   | 12757 ||| Stepping ~*~*~tactically~*~*~ (stealth).
 12762 | Lair:1   | 12762 ||| Stepping ~*~*~tactically~*~*~ (stealth).
 12763 | Lair:1   | 12763 ||| Stepping ~*~*~tactically~*~*~ (stealth).
 12764 | Lair:1   | 12764 ||| Stepping ~*~*~tactically~*~*~ (stealth).
 12771 | Lair:1   | 12771 ||| Stepping ~*~*~tactically~*~*~ (stealth).
 12772 | Lair:1   | 12772 ||| INVOKING Heroism.
 12791 | Lair:1   | 12791 ||| Stepping ~*~*~tactically~*~*~ (stealth).
 12793 | Lair:1   | 12793 ||| Stepping ~*~*~tactically~*~*~ (stealth).
 12804 | Lair:1   | 12804 ||| Stepping ~*~*~tactically~*~*~ (stealth).
 12854 | Lair:1   | Received a gift from Okawaru
 12925 | Lair:1   | 12925 ||| READING scroll of enchant armour.
 12925 | Lair:1   | 12925 ||| ENCHANTING +1 cloak.
 12953 | Lair:1   | Found a glowing silver altar of Zin.
 12996 | Lair:1   | 12996 ||| Stepping ~*~*~tactically~*~*~ (stealth).
 13000 | Lair:1   | Reached skill level 9 in Armour
 13083 | Lair:1   | 13083 ||| Stepping ~*~*~tactically~*~*~ (stealth).
 13085 | Lair:1   | 13085 ||| Stepping ~*~*~tactically~*~*~ (stealth).
 13105 | Lair:1   | 13105 ||| INVOKING Heroism.
 13294 | Lair:1   | Noticed a death yak
 13294 | Lair:1   | Noticed a death yak
 13295 | Lair:1   | 13295 ||| INVOKING Heroism.
 13295 | Lair:1   | Noticed a death yak
 13307 | Lair:1   | Killed a death yak
 13311 | Lair:1   | Killed a death yak
 13312 | Lair:1   | Reached skill level 9 in Invocations
 13313 | Lair:1   | Reached ***** piety under Okawaru
 13314 | Lair:1   | Reached XP level 13. HP: 51/80 MP: 19/19
 13314 | Lair:1   | 13314 ||| INVOKING Finesse.
 13879 | Lair:1   | 13879 ||| UPGRADING to amulet of regeneration.
 13891 | Lair:2   | 13891 ||| Stepping ~*~*~tactically~*~*~ (hiding).
 13893 | Lair:2   | 13893 ||| Stepping ~*~*~tactically~*~*~ (hiding).
 13964 | Lair:2   | Reached skill level 10 in Fighting
 13975 | Lair:2   | 13975 ||| Stepping ~*~*~tactically~*~*~ (hiding).
 13976 | Lair:2   | 13976 ||| Stepping ~*~*~tactically~*~*~ (hiding).
 13977 | Lair:2   | 13977 ||| Stepping ~*~*~tactically~*~*~ (hiding).
 14005 | Lair:2   | Found a hole to the Spider Nest.
 14053 | Lair:2   | 14053 ||| INVOKING Heroism.
 14125 | Lair:2   | 14125 ||| Stepping ~*~*~tactically~*~*~ (stealth).
 14129 | Lair:2   | 14129 ||| Stepping ~*~*~tactically~*~*~ (stealth).
 14130 | Lair:2   | 14130 ||| INVOKING Heroism.
 14139 | Lair:2   | Received a gift from Okawaru
 14450 | Lair:2   | 14450 ||| Stepping ~*~*~tactically~*~*~ (stealth).
 14481 | Lair:2   | 14481 ||| INVOKING Heroism.
 14519 | Lair:2   | 14519 ||| INVOKING Finesse.
 14523 | Lair:2   | 14523 ||| INVOKING Heroism.
 14577 | Lair:2   | 14577 ||| INVOKING Heroism.
 14581 | Lair:2   | 14581 ||| INVOKING Finesse.
 14592 | Lair:2   | 14592 ||| SWAPPING to +0 demon whip.
 14621 | Lair:2   | 14621 ||| SWAPPING to +1 war axe.
 14661 | Lair:2   | 14661 ||| INVOKING Heroism.
 14757 | Lair:2   | 14757 ||| Stepping ~*~*~tactically~*~*~ (stealth).
 14860 | Lair:2   | Found a staircase to the Shoals.
 15089 | Lair:3   | Noticed Kirke
 15090 | Lair:3   | 15090 ||| INVOKING Heroism.
 15091 | Lair:3   | 15091 ||| INVOKING Finesse.
 15137 | Lair:3   | Killed Kirke
 15300 | Lair:3   | 15300 ||| INVOKING Heroism.
 15306 | Lair:3   | Noticed Prince Ribbit
 15317 | Lair:3   | Killed Prince Ribbit
 15368 | Lair:3   | 15368 ||| Stepping ~*~*~tactically~*~*~ (stealth).
 15370 | Lair:3   | 15370 ||| Stepping ~*~*~tactically~*~*~ (stealth).
 15555 | Lair:3   | Noticed Fannar
 15556 | Lair:3   | 15556 ||| Stepping ~*~*~tactically~*~*~ (hiding).
 15575 | Lair:3   | 15575 ||| INVOKING Heroism.
 15590 | Lair:3   | Killed Fannar
 15731 | Lair:3   | Identified the +0 plate armour of the Snail {Harm Rampage
                  | *Slow} (Okawaru gifted it to you on level 3 of the Lair of
                  | Beasts)
 15731 | Lair:3   | Received a gift from Okawaru
 15846 | Lair:3   | Gained mutation: Your large and strong wings let you fly.
                  | [Gargoyle growth]
 15846 | Lair:3   | Reached XP level 14. HP: 88/88 MP: 21/21
 16496 | Lair:3   | 16496 ||| DROPPING +0 plate armour of the Snail {Harm
                  | Rampage *Slow}.
 16568 | Lair:4   | 16568 ||| INVOKING Heroism.
 16569 | Lair:4   | 16569 ||| INVOKING Finesse.
 16577 | Lair:4   | 16577 ||| SWAPPING to +0 demon whip.
 16596 | Lair:4   | 16596 ||| SWAPPING to +1 war axe.
 16600 | Lair:4   | Reached skill level 11 in Fighting
 16666 | Lair:4   | 16666 ||| Stepping ~*~*~tactically~*~*~ (stealth).
 16669 | Lair:4   | 16669 ||| Stepping ~*~*~tactically~*~*~ (stealth).
 16881 | Lair:4   | 16881 ||| Stepping ~*~*~tactically~*~*~ (stealth).
 16940 | Lair:4   | 16940 ||| READING scroll of acquirement.
 16940 | Lair:4   | 16940 ||| ACQUIRING ring "Ydusoize" {rC+ SInv}
 16940 | Lair:4   | Acquired the ring "Ydusoize" {rC+ SInv}
 16942 | Lair:4   | 16942 ||| UPGRADING to ring "Ydusoize" {rC+ SInv}.
 17513 | Lair:4   | 17513 ||| DROPPING amulet of guardian spirit.
 17514 | Lair:4   | 17514 ||| UPGRADING to ring "Ligreci" {rF+ rC+ rCorr}.
 17544 | Lair:5   | Entered Level 5 of the Lair of Beasts
 17548 | Lair:5   | 17548 ||| Stepping ~*~*~tactically~*~*~ (stealth).
 17562 | Lair:5   | Reached skill level 12 in Shields
 17564 | Lair:5   | 17564 ||| INVOKING Heroism.
 17599 | Lair:5   | 17599 ||| INVOKING Heroism.
 17644 | Lair:5   | Found a dark tunnel.
 17666 | Lair:5   | 17666 ||| Stepping ~*~*~tactically~*~*~ (stealth).
 17668 | Lair:5   | 17668 ||| Stepping ~*~*~tactically~*~*~ (stealth).
 17672 | Lair:5   | 17672 ||| Stepping ~*~*~tactically~*~*~ (hiding).
 17673 | Lair:5   | 17673 ||| Stepping ~*~*~tactically~*~*~ (hiding).
 17674 | Lair:5   | 17674 ||| Stepping ~*~*~tactically~*~*~ (hiding).
 17687 | Lair:5   | 17687 ||| INVOKING Heroism.
 17776 | Lair:5   | Received a gift from Okawaru
 17782 | Lair:5   | 17782 ||| SWAPPING to +0 heavy broad axe.
 17783 | Lair:5   | 17783 ||| DROPPING +1 war axe.
 17804 | Lair:5   | 17804 ||| Stepping ~*~*~tactically~*~*~ (hiding).
 17811 | Lair:5   | 17811 ||| Stepping ~*~*~tactically~*~*~ (stealth).
 17820 | Lair:5   | 17820 ||| Stepping ~*~*~tactically~*~*~ (hiding).
 17823 | Lair:5   | 17823 ||| Stepping ~*~*~tactically~*~*~ (hiding).
 17836 | Lair:5   | 17836 ||| Stepping ~*~*~tactically~*~*~ (hiding).
 17850 | Lair:5   | 17850 ||| INVOKING Heroism.
 17857 | Lair:5   | Reached skill level 15 in Axes
 17964 | Lair:5   | 17964 ||| Stepping ~*~*~tactically~*~*~ (stealth).
 17989 | Lair:5   | 17989 ||| INVOKING Heroism.
 18000 | Lair:5   | 18000 ||| Stepping ~*~*~tactically~*~*~ (stealth).
 18001 | Lair:5   | 18001 ||| Stepping ~*~*~tactically~*~*~ (stealth).
 18004 | Lair:5   | 18004 ||| Stepping ~*~*~tactically~*~*~ (stealth).
 18011 | Lair:5   | 18011 ||| Stepping ~*~*~tactically~*~*~ (hiding).
 18106 | Lair:5   | 18106 ||| INVOKING Heroism.
 18142 | Lair:5   | Found a corrupted altar of Lugonu.
 18142 | Lair:5   | Found a one-way gate to the infinite horrors of the Abyss.
 18213 | Lair:5   | 18213 ||| DROPPING +1 war axe of freezing.
 18300 | Lair:5   | 18300 ||| Stepping ~*~*~tactically~*~*~ (stealth).
 18316 | Lair:5   | Reached skill level 12 in Fighting
 18329 | Lair:5   | 18329 ||| UPGRADING to +0 pair of boots.
 18685 | Lair:5   | 18685 ||| INVOKING Heroism.
 18686 | Lair:5   | 18686 ||| INVOKING Finesse.
 18690 | Lair:5   | 18690 ||| SWAPPING to +0 demon whip.
 18696 | Lair:5   | 18696 ||| SWAPPING to +0 heavy broad axe.
 18803 | Lair:5   | Received a gift from Okawaru
 18804 | Lair:5   | Reached XP level 15. HP: 90/96 MP: 22/22
 18839 | Lair:5   | 18839 ||| Stepping ~*~*~tactically~*~*~ (stealth).
 18844 | Lair:5   | 18844 ||| Stepping ~*~*~tactically~*~*~ (stealth).
 18962 | Lair:5   | 18962 ||| READING scroll labelled WORIWIN TUVUEDD.
 18972 | Lair:4   | 18972 ||| INVOKING Heroism.
 18974 | Lair:4   | 18974 ||| INVOKING Finesse.
 18977 | Lair:4   | 18977 ||| SWAPPING to +0 demon whip.
 18984 | Lair:4   | 18984 ||| SWAPPING to +0 heavy broad axe.
 19037 | Lair:4   | 19037 ||| READING scroll of enchant weapon.
 19037 | Lair:4   | 19037 ||| ENCHANTING +0 heavy broad axe.
 19126 | Lair:5   | Received a gift from Okawaru
 19147 | Lair:5   | Found a viscous altar of Jiyva.
 19148 | Lair:5   | 19148 ||| FLEEEEING.
 19159 | Lair:5   | 19159 ||| INVOKING Heroism.
 19160 | Lair:5   | 19160 ||| INVOKING Finesse.
 19161 | Lair:5   | Found a staircase to the Slime Pits.
 19495 | Lair:5   | 19495 ||| PLANNING D
 19678 | D:12     | Noticed Erolcha
 19685 | D:12     | Killed Erolcha
 19767 | D:12     | Noticed Urug
 19768 | D:12     | 19768 ||| INVOKING Heroism.
 19774 | D:12     | Killed Urug
 19925 | D:12     | Noticed Josephine
 19926 | D:12     | 19926 ||| Stepping ~*~*~tactically~*~*~ (hiding).
 19936 | D:12     | Killed Josephine
 19954 | D:12     | 19954 ||| Stepping ~*~*~tactically~*~*~ (stealth).
 20047 | D:12     | 20047 ||| Stepping ~*~*~tactically~*~*~ (hiding).
 20048 | D:12     | 20048 ||| INVOKING Heroism.
 20163 | D:12     | Found a staircase to the Orcish Mines.
 20183 | D:12     | Identified the +7 short sword "Goblinbane" {flame, rPois}
 20552 | D:13     | Found a runed translucent door.
 20555 | D:13     | Noticed Leinaam's ghost (journeyman MiBe)
 20559 | D:13     | Identified the +5 spear of Lisuga {flame, rPois rN+ Stlth+}
 20583 | D:13     | Found Leforiav's Assorted Antiques.
 20591 | D:13     | 20591 ||| BUYING fluorescent wand (108 gold).
 20591 | D:13     | Bought a fluorescent wand for 108 gold pieces
 20697 | D:13     | 20697 ||| READING scroll of enchant armour.
 20697 | D:13     | 20697 ||| ENCHANTING +0 pair of boots.
 20740 | D:13     | 20740 ||| INVOKING Heroism.
 20745 | D:13     | 20745 ||| SWAPPING to +2 eveningstar of draining.
 20747 | D:13     | 20747 ||| SWAPPING to +1 heavy broad axe.
 20776 | D:13     | Found Wimeoh's Jewellery Boutique.
 20784 | D:13     | 20784 ||| SHOPLISTING amulet of Cianul {RegenMP Rampage
                  | *Slow Fragile rC+++} (1155 gold, have 776).
 20784 | D:13     | 20784 ||| BUYING ring of willpower (475 gold).
 20784 | D:13     | Bought a ring of willpower for 475 gold pieces
 20792 | D:13     | Found a transporter.
 20792 | D:13     | Found Ryifap Ner's Antique Weapon Shop.
 20821 | D:13     | Found Qoiteh's Book Shoppe.
 20853 | D:13     | 20853 ||| INVOKING Heroism.
 20866 | D:13     | 20866 ||| SWAPPING to +2 eveningstar of draining.
 20870 | D:13     | 20870 ||| SWAPPING to +1 heavy broad axe.
 20976 | D:13     | Received a gift from Okawaru
 21026 | D:13     | Found Poilex's Antique Armour Boutique.
 21191 | D:13     | Reached skill level 12 in Armour
 21307 | D:13     | 21307 ||| UPGRADING to +2 cloak of willpower.
 21317 | D:13     | 21317 ||| DROPPING +2 cloak.
 21318 | D:13     | 21318 ||| DROPPING wand of mindburst (1).
 21342 | D:14     | 21342 ||| READING scroll of enchant armour.
 21342 | D:14     | 21342 ||| ENCHANTING +1 pair of boots.
 21367 | D:14     | 21367 ||| Stepping ~*~*~tactically~*~*~ (hiding).
 21368 | D:14     | 21368 ||| Stepping ~*~*~tactically~*~*~ (hiding).
 21369 | D:14     | 21369 ||| Stepping ~*~*~tactically~*~*~ (hiding).
 21383 | D:14     | Identified the +10 spear of Dim Light {flame, *Rage Str+6}
 21385 | D:14     | 21385 ||| INVOKING Heroism.
 21390 | D:14     | Reached skill level 3 in Dodging
 21410 | D:14     | 21410 ||| Stepping ~*~*~tactically~*~*~ (hiding).
 21411 | D:14     | 21411 ||| Stepping ~*~*~tactically~*~*~ (hiding).
 21412 | D:14     | 21412 ||| INVOKING Heroism.
 21414 | D:14     | 21414 ||| Stepping ~*~*~tactically~*~*~ (hiding).
 21425 | D:14     | 21425 ||| Stepping ~*~*~tactically~*~*~ (hiding).
 21616 | D:14     | 21616 ||| FLEEEEING.
 21617 | D:14     | 21617 ||| FLEEEEING.
 21673 | D:14     | 21673 ||| Stepping ~*~*~tactically~*~*~ (hiding).
 21675 | D:14     | 21675 ||| Stepping ~*~*~tactically~*~*~ (hiding).
 21678 | D:14     | 21678 ||| Stepping ~*~*~tactically~*~*~ (hiding).
 21861 | D:14     | 21861 ||| Stepping ~*~*~tactically~*~*~ (stealth).
 21980 | D:14     | 21980 ||| Stepping ~*~*~tactically~*~*~ (stealth).
 21987 | D:14     | Received a gift from Okawaru
 21990 | D:14     | 21990 ||| INVOKING Heroism.
 22031 | D:14     | 22031 ||| DROPPING +2 war axe of draining.
 22033 | D:14     | Found a blossoming altar of Fedhas.
 22341 | D:14     | Found a gate to the Vaults.
 22391 | D:14     | 22391 ||| DROPPING +3 war axe of freezing.
 22432 | D:15     | Entered Level 15 of the Dungeon
 22436 | D:15     | 22436 ||| INVOKING Heroism.
 22437 | D:15     | 22437 ||| INVOKING Finesse.
 22442 | D:15     | 22442 ||| Stepping ~*~*~tactically~*~*~ (hiding).
 22443 | D:15     | 22443 ||| SWAPPING to +2 eveningstar of draining.
 22446 | D:15     | Reached XP level 16. HP: 101/101 MP: 16/23
 22446 | D:15     | 22446 ||| SWAPPING to +1 heavy broad axe.
 22472 | D:15     | 22472 ||| SWAPPING to +2 eveningstar of draining.
 22483 | D:15     | 22483 ||| INVOKING Finesse.
 22486 | D:15     | 22486 ||| SWAPPING to +1 heavy broad axe.
 22560 | D:15     | Identified the amulet "Cimamucu" {Reflect *Slow rElec
                  | Regen+ Str+3 SH+5}
 22569 | D:15     | 22569 ||| Stepping ~*~*~tactically~*~*~ (hiding).
 22570 | D:15     | 22570 ||| Stepping ~*~*~tactically~*~*~ (hiding).
 22606 | D:15     | Received a gift from Okawaru
 22608 | D:15     | 22608 ||| Stepping ~*~*~tactically~*~*~ (hiding).
 22772 | D:15     | Found a large runed translucent door.
 22773 | D:15     | Found a large runed translucent door.
 22775 | D:15     | Noticed Vuirau's ghost (journeyman DsGl)
 22947 | D:15     | 22947 ||| Stepping ~*~*~tactically~*~*~ (hiding).
 22951 | D:15     | 22951 ||| INVOKING Heroism.
 22975 | D:15     | Found a staircase to the Depths.
 23019 | D:15     | Identified the ring "Jot Xoan" {Fly Will- MP+9 Int+3}
 23044 | D:15     | 23044 ||| UPGRADING to amulet "Cimamucu" {Reflect *Slow
                  | rElec Regen+ Str+3 SH+5}.
 23054 | D:15     | 23054 ||| PLANNING ORC
 23055 | D:15     | 23055 ||| DROPPING amulet of regeneration.
 23056 | D:15     | 23056 ||| DROPPING ring "Jot Xoan" {Fly Will- MP+9 Int+3}.
 23057 | D:15     | 23057 ||| READING 17 scrolls of identify.
 23057 | D:15     | 23057 ||| IDENTIFYING fizzy clear potion
 23058 | D:15     | 23058 ||| DRINKING potion of experience.
 23058 | D:15     | Reached skill level 13 in Fighting
 23058 | D:15     | Reached XP level 17. HP: 110/110 MP: 24/24
 23155 | Orc:1    | Entered Level 1 of the Orcish Mines
 23165 | Orc:1    | 23165 ||| Stepping ~*~*~tactically~*~*~ (stealth).
 23167 | Orc:1    | 23167 ||| Stepping ~*~*~tactically~*~*~ (hiding).
 23169 | Orc:1    | 23169 ||| Stepping ~*~*~tactically~*~*~ (hiding).
 23171 | Orc:1    | Noticed Erica
 23184 | Orc:1    | Killed Erica
 23324 | Orc:2    | Entered Level 2 of the Orcish Mines
 23325 | Orc:2    | 23325 ||| PLANNING BAZAAR
 23326 | Orc:2    | 23326 ||| Stepping ~*~*~tactically~*~*~ (stealth).
 23338 | Orc:2    | 23338 ||| STAIRDANCE
 23367 | Orc:2    | Gained mutation: You have a pair of small antennae on your
                  | head. [a neqoxec]
 23379 | Orc:2    | Received a gift from Okawaru
 23399 | Orc:2    | 23399 ||| Stepping ~*~*~tactically~*~*~ (stealth).
 23405 | Orc:2    | 23405 ||| INVOKING Heroism.
 23433 | Orc:2    | HP: 19/110 [orc knight/+3 broad axe of venom (26)]
 23434 | Orc:2    | 23434 ||| READING 10 scrolls of teleportation.
 23435 | Orc:2    | 23435 ||| DRINKING 4 potions of heal wounds.
 23489 | Orc:2    | 23489 ||| Stepping ~*~*~tactically~*~*~ (stealth).
 23544 | Orc:2    | 23544 ||| Stepping ~*~*~tactically~*~*~ (hiding).
 23549 | Orc:2    | 23549 ||| INVOKING Heroism.
 23550 | Orc:2    | 23550 ||| INVOKING Finesse.
 23555 | Orc:2    | Reached skill level 6 in Throwing
 23602 | Orc:2    | 23602 ||| Stepping ~*~*~tactically~*~*~ (stealth).
 23610 | Orc:2    | Gained mutation: You occasionally shout uncontrollably at
                  | your foes. [a neqoxec]
 23629 | Orc:2    | 23629 ||| INVOKING Heroism.
 23647 | Orc:2    | Found Xysepac's Antique Weapon Shoppe.
 23681 | Orc:2    | 23681 ||| SWAPPING to +3 broad axe of venom.
 23682 | Orc:2    | Found Daclelau's Book Shoppe.
 23734 | Orc:2    | Found a flickering gateway to a bazaar.
 23735 | Orc:2    | 23735 ||| UPGRADING to +1 plate armour of willpower.
 23745 | Orc:2    | 23745 ||| DROPPING +0 plate armour.
 23746 | Orc:2    | 23746 ||| DROPPING +2 helmet.
 23755 | Bazaar   | Entered a bazaar
 23755 | Bazaar   | Found Lukk's General Store.
 23762 | Bazaar   | 23762 ||| BUYING potion of heal wounds (75 gold).
 23762 | Bazaar   | Bought a potion of heal wounds for 75 gold pieces
 23762 | Bazaar   | 23762 ||| BUYING scroll of enchant armour (112 gold).
 23762 | Bazaar   | Bought a scroll of enchant armour for 112 gold pieces
 23762 | Bazaar   | 23762 ||| READING scroll of enchant armour.
 23762 | Bazaar   | 23762 ||| ENCHANTING +1 plate armour of willpower.
 23768 | Bazaar   | Found Wecrimun's Antique Armour Shop.
 23794 | Bazaar   | Found Zaodul's Antique Weapon Shop.
 23802 | Bazaar   | 23802 ||| BUYING glowing war axe (182 gold).
 23802 | Bazaar   | Bought a glowing war axe for 182 gold pieces
 23802 | Bazaar   | 23802 ||| SWAPPING to +0 vampiric war axe.
 23818 | Orc:2    | 23818 ||| PLANNING ORC
 24048 | Orc:2    | Found a staircase to the Elven Halls.
 24184 | Orc:1    | 24184 ||| Stepping ~*~*~tactically~*~*~ (hiding).
 24245 | Orc:1    | Found a runed translucent gate.
 24245 | Orc:1    | Found a runed translucent gate.
 24245 | Orc:1    | Found a runed translucent gate.
 24249 | Orc:1    | Noticed tatocazan's ghost (journeyman MiFi)
 24622 | Orc:1    | 24622 ||| INVOKING Heroism.
 24766 | Orc:2    | 24766 ||| Stepping ~*~*~tactically~*~*~ (hiding).
 24865 | Orc:2    | Found Tiarawui's Antique Armour Shoppe.
 24871 | Orc:2    | 24871 ||| BUYING glowing plate armour (650 gold).
 24871 | Orc:2    | Bought a glowing plate armour for 650 gold pieces
 24871 | Orc:2    | 24871 ||| SHOPLISTING runed plate armour (650 gold, have
                  | 615).
 24880 | Orc:2    | Found Axung's General Store.
 24888 | Orc:2    | 24888 ||| SHOPLISTING +2 hood of the Assassin {Detect Stab+
                  | Stlth++} (720 gold, have 615).
 24888 | Orc:2    | 24888 ||| BUYING wand of digging (4) (201 gold).
 24888 | Orc:2    | Bought a wand of digging (4) for 201 gold pieces
 24933 | Orc:2    | 24933 ||| PLANNING SPIDER:1-3
 24933 | Orc:2    | 24933 ||| DROPPING +0 plate armour of poison resistance.
 25047 | Spider:1 | Entered Level 1 of the Spider Nest
 25048 | Spider:1 | 25048 ||| INVOKING Heroism.
 25061 | Spider:1 | Reached skill level 14 in Fighting
 25067 | Spider:1 | 25067 ||| STAIRDANCE
 25073 | Lair:2   | Gained mutation: Your body sometimes deteriorates upon
                  | taking damage. [mutagenic glow]
 25086 | Lair:2   | Gained mutation: Your magical capacity is low. (-10% MP)
                  | [mutagenic glow]
 25238 | Spider:1 | 25238 ||| INVOKING Finesse.
 25250 | Spider:1 | Received a gift from Okawaru
 25320 | Spider:1 | 25320 ||| INVOKING Heroism.
 25337 | Spider:1 | Found a transporter.
 25339 | Spider:1 | Found a transporter.
 25408 | Spider:1 | 25408 ||| INVOKING Heroism.
 25448 | Spider:1 | 25448 ||| Stepping ~*~*~tactically~*~*~ (stealth).
 25451 | Spider:1 | 25451 ||| INVOKING Heroism.
 25627 | Spider:1 | 25627 ||| DRINKING 8 potions of curing.
 25627 | Spider:1 | 25627 ||| (to cure confusion)
 25628 | Spider:1 | 25628 ||| INVOKING Heroism.
 25895 | Spider:1 | Reached skill level 15 in Fighting
 25923 | Spider:1 | 25923 ||| INVOKING Heroism.
 26024 | Spider:1 | 26024 ||| READING scroll labelled COPROUMNINT.
 26053 | Spider:2 | 26053 ||| Stepping ~*~*~tactically~*~*~ (hiding).
 26078 | Spider:2 | 26078 ||| Stepping ~*~*~tactically~*~*~ (hiding).
 26083 | Spider:2 | 26083 ||| INVOKING Finesse.
 26087 | Spider:2 | Identified Roxanne's Opusculum on Transfiguration
 26087 | Spider:2 | Noticed Roxanne
 26088 | Spider:2 | 26088 ||| INVOKING Heroism.
 26125 | Spider:2 | Killed Roxanne
 26212 | Spider:2 | 26212 ||| INVOKING Finesse.
 26248 | Spider:2 | Reached XP level 18. HP: 119/119 MP: 20/22
 26255 | Spider:2 | 26255 ||| DROPPING +0 demon whip.
 26256 | Spider:2 | 26256 ||| DROPPING +0 morningstar.
 26257 | Spider:2 | 26257 ||| DROPPING +2 eveningstar of draining.
 26277 | Spider:2 | 26277 ||| INVOKING Heroism.
 26294 | Spider:2 | Received a gift from Okawaru
 26455 | Spider:2 | 26455 ||| Stepping ~*~*~tactically~*~*~ (hiding).
 26471 | Spider:2 | 26471 ||| INVOKING Heroism.
 26801 | Spider:2 | 26801 ||| READING scroll of enchant weapon.
 26801 | Spider:2 | 26801 ||| ENCHANTING +0 vampiric war axe.
 26929 | Spider:2 | 26929 ||| DROPPING +6 ring of dexterity.
 26930 | Spider:2 | 26930 ||| DROPPING ring of willpower.
 26952 | Spider:3 | 26952 ||| STAIRDANCE
 26954 | Spider:2 | 26954 ||| DRINKING 7 potions of curing.
 26954 | Spider:2 | 26954 ||| (to cure confusion)
 26984 | Spider:3 | Noticed Aizul
 26985 | Spider:3 | 26985 ||| Stepping ~*~*~tactically~*~*~ (hiding).
 26986 | Spider:3 | 26986 ||| Stepping ~*~*~tactically~*~*~ (hiding).
 26987 | Spider:3 | 26987 ||| Stepping ~*~*~tactically~*~*~ (hiding).
 26988 | Spider:3 | 26988 ||| INVOKING Heroism.
 27015 | Spider:3 | 27015 ||| INVOKING Heroism.
 27024 | Spider:3 | Killed Aizul
 27032 | Spider:3 | 27032 ||| Stepping ~*~*~tactically~*~*~ (stealth).
 27067 | Spider:3 | Noticed Bai Suzhen
 27068 | Spider:3 | 27068 ||| Stepping ~*~*~tactically~*~*~ (stealth).
 27070 | Spider:3 | 27070 ||| INVOKING Heroism.
 27083 | Spider:3 | 27083 ||| DRINKING 6 potions of curing.
 27083 | Spider:3 | 27083 ||| (to cure confusion)
 27089 | Spider:3 | Killed Bai Suzhen
 27094 | Spider:3 | 27094 ||| Stepping ~*~*~tactically~*~*~ (stealth).
 27108 | Spider:3 | 27108 ||| Stepping ~*~*~tactically~*~*~ (stealth).
 27112 | Spider:3 | 27112 ||| Stepping ~*~*~tactically~*~*~ (stealth).
 27113 | Spider:3 | 27113 ||| Stepping ~*~*~tactically~*~*~ (stealth).
 27114 | Spider:3 | 27114 ||| Stepping ~*~*~tactically~*~*~ (hiding).
 27128 | Spider:3 | Noticed Jorgrun
 27135 | Spider:3 | 27135 ||| INVOKING Heroism.
 27152 | Spider:3 | 27152 ||| DRINKING 5 potions of curing.
 27152 | Spider:3 | 27152 ||| (to cure confusion)
 27153 | Spider:3 | 27153 ||| DRINKING 4 potions of curing.
 27153 | Spider:3 | 27153 ||| (to cure confusion)
 27156 | Spider:3 | HP: 39/175 [constriction (10)]
 27157 | Spider:3 | Killed Jorgrun
 27172 | Spider:3 | Reached skill level 15 in Shields
 27187 | Spider:3 | 27187 ||| INVOKING Heroism.
 27229 | Spider:3 | 27229 ||| INVOKING Heroism.
 27321 | Spider:3 | 27321 ||| Stepping ~*~*~tactically~*~*~ (stealth).
 27323 | Spider:3 | 27323 ||| Stepping ~*~*~tactically~*~*~ (stealth).
 27331 | Spider:3 | Received a gift from Okawaru
 27365 | Spider:3 | 27365 ||| INVOKING Finesse.
 27517 | Spider:3 | 27517 ||| Stepping ~*~*~tactically~*~*~ (stealth).
 27773 | Spider:3 | 27773 ||| PLANNING SHOALS:1-3
 27845 | Shoals:1 | Entered Level 1 of the Shoals
 28002 | Shoals:1 | 28002 ||| INVOKING Heroism.
 28004 | Shoals:1 | Reached skill level 16 in Fighting
 28057 | Shoals:1 | 28057 ||| INVOKING Heroism.
 28252 | Shoals:1 | 28252 ||| INVOKING Heroism.
 28452 | Shoals:1 | Received a gift from Okawaru
 28478 | Shoals:1 | 28478 ||| INVOKING Heroism.
 28686 | Shoals:2 | 28686 ||| INVOKING Heroism.
 28752 | Shoals:2 | Reached skill level 15 in Armour
 28777 | Shoals:2 | Noticed Polyphemus
 28778 | Shoals:2 | 28778 ||| Stepping ~*~*~tactically~*~*~ (stealth).
 28782 | Shoals:2 | 28782 ||| Stepping ~*~*~tactically~*~*~ (hiding).
 28783 | Shoals:2 | 28783 ||| Stepping ~*~*~tactically~*~*~ (hiding).
 28785 | Shoals:2 | 28785 ||| Stepping ~*~*~tactically~*~*~ (hiding).
 28786 | Shoals:2 | 28786 ||| Stepping ~*~*~tactically~*~*~ (hiding).
 28787 | Shoals:2 | 28787 ||| Stepping ~*~*~tactically~*~*~ (hiding).
 28788 | Shoals:2 | 28788 ||| INVOKING Heroism.
 28789 | Shoals:2 | 28789 ||| INVOKING Finesse.
 28801 | Shoals:2 | Killed Polyphemus
 28916 | Shoals:2 | 28916 ||| INVOKING Heroism.
 29001 | Shoals:2 | 29001 ||| Stepping ~*~*~tactically~*~*~ (hiding).
 29002 | Shoals:2 | 29002 ||| INVOKING Heroism.
 29120 | Shoals:2 | 29120 ||| INVOKING Heroism.
 29296 | Shoals:2 | Reached skill level 17 in Fighting
 29610 | Shoals:3 | 29610 ||| STAIRDANCE
 29631 | Shoals:3 | Reached XP level 19. HP: 128/128 MP: 23/23
 29644 | Shoals:3 | 29644 ||| Stepping ~*~*~tactically~*~*~ (hiding).
 29652 | Shoals:3 | 29652 ||| Stepping ~*~*~tactically~*~*~ (hiding).
 29753 | Shoals:3 | 29753 ||| Stepping ~*~*~tactically~*~*~ (hiding).
 29932 | Shoals:3 | 29932 ||| INVOKING Heroism.
 29933 | Shoals:3 | 29933 ||| INVOKING Finesse.
 29997 | Shoals:3 | 29997 ||| INVOKING Heroism.
 30063 | Shoals:3 | Found a frozen archway.
 30064 | Shoals:3 | 30064 ||| INVOKING Heroism.
 30143 | Shoals:3 | 30143 ||| INVOKING Heroism.
 30184 | Shoals:3 | 30184 ||| Stepping ~*~*~tactically~*~*~ (hiding).
 30185 | Shoals:3 | 30185 ||| Stepping ~*~*~tactically~*~*~ (hiding).
 30186 | Shoals:3 | 30186 ||| Stepping ~*~*~tactically~*~*~ (hiding).
 30187 | Shoals:3 | 30187 ||| Stepping ~*~*~tactically~*~*~ (hiding).
 30188 | Shoals:3 | 30188 ||| Stepping ~*~*~tactically~*~*~ (hiding).
 30227 | Shoals:3 | 30227 ||| INVOKING Heroism.
 30228 | Shoals:3 | Noticed Ilsuiw
 30279 | Shoals:3 | 30279 ||| INVOKING Heroism.
 30305 | Shoals:3 | Killed Ilsuiw
 30472 | Shoals:3 | Noticed Mlioglotl
 30473 | Shoals:3 | 30473 ||| INVOKING Heroism.
 30490 | Shoals:3 | Killed Mlioglotl
 30702 | Shoals:3 | 30702 ||| PLANNING SPIDER:4
 30866 | Spider:4 | Entered Level 4 of the Spider Nest
 30867 | Spider:4 | 30867 ||| STAIRDANCE
 30978 | Spider:4 | 30978 ||| INVOKING Heroism.
 31019 | Spider:4 | 31019 ||| Stepping ~*~*~tactically~*~*~ (hiding).
 31061 | Spider:4 | 31061 ||| Stepping ~*~*~tactically~*~*~ (stealth).
 31062 | Spider:4 | 31062 ||| Stepping ~*~*~tactically~*~*~ (stealth).
 31105 | Spider:4 | 31105 ||| Stepping ~*~*~tactically~*~*~ (stealth).
 31107 | Spider:4 | 31107 ||| INVOKING Heroism.
 31124 | Spider:4 | 31124 ||| Stepping ~*~*~tactically~*~*~ (stealth).
 31130 | Spider:4 | 31130 ||| INVOKING Heroism.
 31158 | Spider:4 | 31158 ||| Stepping ~*~*~tactically~*~*~ (stealth).
 31176 | Spider:4 | Reached skill level 18 in Fighting
 31224 | Spider:4 | 31224 ||| Stepping ~*~*~tactically~*~*~ (stealth).
 31288 | Spider:4 | 31288 ||| Stepping ~*~*~tactically~*~*~ (stealth).
 31316 | Spider:4 | 31316 ||| Stepping ~*~*~tactically~*~*~ (stealth).
 31324 | Spider:4 | 31324 ||| INVOKING Heroism.
 31442 | Spider:4 | 31442 ||| Stepping ~*~*~tactically~*~*~ (hiding).
 31479 | Spider:4 | 31479 ||| Stepping ~*~*~tactically~*~*~ (stealth).
 31551 | Spider:4 | 31551 ||| Stepping ~*~*~tactically~*~*~ (stealth).
 31555 | Spider:4 | 31555 ||| Stepping ~*~*~tactically~*~*~ (stealth).
 31558 | Spider:4 | 31558 ||| Stepping ~*~*~tactically~*~*~ (stealth).
 31559 | Spider:4 | 31559 ||| Stepping ~*~*~tactically~*~*~ (hiding).
 31561 | Spider:4 | 31561 ||| INVOKING Heroism.
 31578 | Spider:4 | 31578 ||| Stepping ~*~*~tactically~*~*~ (stealth).
 31585 | Spider:4 | 31585 ||| Stepping ~*~*~tactically~*~*~ (stealth).
 31634 | Spider:4 | 31634 ||| Stepping ~*~*~tactically~*~*~ (hiding).
 31651 | Spider:4 | 31651 ||| Stepping ~*~*~tactically~*~*~ (hiding).
 31658 | Spider:4 | 31658 ||| INVOKING Heroism.
 31688 | Spider:4 | 31688 ||| Stepping ~*~*~tactically~*~*~ (stealth).
 31691 | Spider:4 | 31691 ||| Stepping ~*~*~tactically~*~*~ (stealth).
 31693 | Spider:4 | 31693 ||| Stepping ~*~*~tactically~*~*~ (stealth).
 31694 | Spider:4 | 31694 ||| Stepping ~*~*~tactically~*~*~ (stealth).
 31725 | Spider:4 | 31725 ||| Stepping ~*~*~tactically~*~*~ (stealth).
 31775 | Spider:4 | Identified the +6 great sword of the Wilderness {freeze,
                  | Str+8 Dex-4 Stlth+} (Okawaru gifted it to you on level 4 of
                  | the Spider Nest)
 31775 | Spider:4 | Received a gift from Okawaru
 31835 | Spider:4 | 31835 ||| INVOKING Heroism.
 31876 | Spider:4 | 31876 ||| INVOKING Heroism.
 31924 | Spider:4 | Identified the +1 hat of the Ward {rPois}
 31930 | Spider:4 | Got a gossamer rune of Zot
 31964 | Spider:4 | 31964 ||| Stepping ~*~*~tactically~*~*~ (stealth).
 31965 | Spider:4 | 31965 ||| Stepping ~*~*~tactically~*~*~ (stealth).
 32145 | Spider:4 | 32145 ||| PLANNING VAULTS:1-4
 32145 | Spider:4 | 32145 ||| DROPPING +0 pair of boots of rampaging.
 32146 | Spider:4 | 32146 ||| UPGRADING to +1 hat of the Ward {rPois}.
 32151 | Spider:4 | 32151 ||| DROPPING scarf of harm.
 32302 | Vaults:1 | Entered Level 1 of the Vaults
 32357 | Vaults:1 | 32357 ||| DROPPING +1 heavy broad axe.
 32368 | Vaults:1 | Identified the +0 robe "Fatefuew" {rF+}
 32546 | Vaults:1 | Reached XP level 20. HP: 134/136 MP: 24/24
 32575 | Vaults:1 | 32575 ||| INVOKING Heroism.
 32584 | Vaults:1 | Received a gift from Okawaru
 32753 | Vaults:1 | 32753 ||| INVOKING Heroism.
 32814 | Vaults:1 | 32814 ||| Stepping ~*~*~tactically~*~*~ (hiding).
 32819 | Vaults:1 | Received a gift from Okawaru
 33052 | Vaults:1 | Found a portal to a secret trove of treasure.
 33391 | Vaults:1 | Found the ring of the Hare {EV+10}
 33397 | Vaults:1 | 33397 ||| DROPPING +4 ring of protection.
 33398 | Vaults:1 | 33398 ||| DROPPING ring of fire.
 33399 | Vaults:1 | 33399 ||| UPGRADING to ring of the Hare {EV+10}.
 33401 | Vaults:1 | 33401 ||| UPGRADING to ring "Ydusoize" {rC+ SInv}.
 33438 | Vaults:2 | 33438 ||| Stepping ~*~*~tactically~*~*~ (hiding).
 33653 | Vaults:2 | Reached skill level 19 in Fighting
 33660 | Vaults:2 | Received a gift from Okawaru
 33752 | Vaults:2 | 33752 ||| Stepping ~*~*~tactically~*~*~ (hiding).
 33793 | Vaults:2 | Reached skill level 9 in Throwing
 33873 | Vaults:2 | 33873 ||| FLEEEEING.
 33874 | Vaults:2 | 33874 ||| FLEEEEING.
 33875 | Vaults:2 | 33875 ||| FLEEEEING.
 33876 | Vaults:2 | 33876 ||| FLEEEEING.
 33877 | Vaults:2 | 33877 ||| FLEEEEING.
 33878 | Vaults:2 | 33878 ||| FLEEEEING.
 33879 | Vaults:2 | 33879 ||| FLEEEEING.
 33880 | Vaults:2 | 33880 ||| FLEEEEING.
 33881 | Vaults:2 | 33881 ||| FLEEEEING.
 33882 | Vaults:2 | 33882 ||| FLEEEEING.
 33883 | Vaults:2 | 33883 ||| FLEEEEING.
 33884 | Vaults:2 | 33884 ||| FLEEEEING.
 33885 | Vaults:2 | 33885 ||| FLEEEEING.
 33891 | Vaults:2 | 33891 ||| FLEEEEING.
 33892 | Vaults:2 | 33892 ||| FLEEEEING.
 33908 | Vaults:2 | 33908 ||| FLEEEEING.
 33909 | Vaults:2 | 33909 ||| FLEEEEING.
 33913 | Vaults:2 | 33913 ||| FLEEEEING.
 33914 | Vaults:2 | 33914 ||| STAIRDANCE
 34105 | Vaults:2 | 34105 ||| INVOKING Heroism.
 34149 | Vaults:2 | 34149 ||| INVOKING Heroism.
 34249 | Vaults:2 | 34249 ||| Stepping ~*~*~tactically~*~*~ (stealth).
 34250 | Vaults:2 | 34250 ||| Stepping ~*~*~tactically~*~*~ (stealth).
 34251 | Vaults:2 | 34251 ||| Stepping ~*~*~tactically~*~*~ (stealth).
 34252 | Vaults:2 | 34252 ||| Stepping ~*~*~tactically~*~*~ (stealth).
 34253 | Vaults:2 | 34253 ||| Stepping ~*~*~tactically~*~*~ (stealth).
 34254 | Vaults:2 | 34254 ||| Stepping ~*~*~tactically~*~*~ (stealth).
 34258 | Vaults:2 | 34258 ||| Stepping ~*~*~tactically~*~*~ (stealth).
 34379 | Vaults:2 | 34379 ||| Stepping ~*~*~tactically~*~*~ (hiding).
 34552 | Vaults:2 | Received a gift from Okawaru
 34657 | Vaults:2 | 34657 ||| Stepping ~*~*~tactically~*~*~ (hiding).
 34844 | Vaults:2 | Found a staircase to the Crypt.
 34976 | Vaults:2 | Reached skill level 18 in Armour
 35010 | Vaults:2 | 35010 ||| INVOKING Heroism.
 35011 | Vaults:2 | 35011 ||| INVOKING Finesse.
 35141 | Vaults:2 | 35141 ||| Stepping ~*~*~tactically~*~*~ (stealth).
 35142 | Vaults:2 | 35142 ||| Stepping ~*~*~tactically~*~*~ (stealth).
 35340 | Vaults:2 | 35340 ||| DROPPING amulet of reflection.
 35399 | Vaults:3 | 35399 ||| INVOKING Heroism.
 35465 | Vaults:3 | 35465 ||| FLEEEEING.
 35466 | Vaults:3 | 35466 ||| FLEEEEING.
 35467 | Vaults:3 | 35467 ||| FLEEEEING.
 35468 | Vaults:3 | 35468 ||| FLEEEEING.
 35469 | Vaults:3 | 35469 ||| FLEEEEING.
 35470 | Vaults:3 | 35470 ||| FLEEEEING.
 35475 | Vaults:3 | 35475 ||| Stepping ~*~*~tactically~*~*~ (hiding).
 35490 | Vaults:3 | 35490 ||| Stepping ~*~*~tactically~*~*~ (hiding).
 35558 | Vaults:3 | 35558 ||| Stepping ~*~*~tactically~*~*~ (stealth).
 35561 | Vaults:3 | 35561 ||| Stepping ~*~*~tactically~*~*~ (stealth).
 35578 | Vaults:3 | Reached XP level 21. HP: 144/144 MP: 25/25
 35613 | Vaults:3 | Received a gift from Okawaru
 35622 | Vaults:3 | 35622 ||| Stepping ~*~*~tactically~*~*~ (hiding).
 35624 | Vaults:3 | 35624 ||| Stepping ~*~*~tactically~*~*~ (hiding).
 35625 | Vaults:3 | 35625 ||| Stepping ~*~*~tactically~*~*~ (hiding).
 35632 | Vaults:3 | Noticed Frederick
 35633 | Vaults:3 | 35633 ||| Stepping ~*~*~tactically~*~*~ (hiding).
 35634 | Vaults:3 | 35634 ||| Stepping ~*~*~tactically~*~*~ (hiding).
 35639 | Vaults:3 | 35639 ||| INVOKING Heroism.
 35640 | Vaults:3 | 35640 ||| INVOKING Finesse.
 35656 | Vaults:3 | Killed Frederick
 35749 | Vaults:3 | Received a gift from Okawaru
 36182 | Vaults:3 | Noticed Jory
 36210 | Vaults:3 | 36210 ||| INVOKING Heroism.
 36215 | Vaults:3 | Killed Jory
 36455 | Vaults:3 | Noticed Mennas
 36456 | Vaults:3 | 36456 ||| Stepping ~*~*~tactically~*~*~ (hiding).
 36476 | Vaults:3 | 36476 ||| INVOKING Heroism.
 36477 | Vaults:3 | 36477 ||| INVOKING Finesse.
 36524 | Vaults:3 | 36524 ||| INVOKING Heroism.
 36570 | Vaults:3 | HP: 33/144 [Mennas/+5 trishula of holy wrath (15)]
 36571 | Vaults:3 | 36571 ||| READING 11 scrolls of teleportation.
 36572 | Vaults:3 | 36572 ||| DRINKING 7 potions of heal wounds.
 36670 | Vaults:3 | Noticed Asterion
 36671 | Vaults:3 | 36671 ||| INVOKING Heroism.
 36697 | Vaults:3 | Killed Asterion
 36999 | Vaults:3 | 36999 ||| INVOKING Heroism.
 37000 | Vaults:3 | 37000 ||| DRINKING 9 potions of curing.
 37000 | Vaults:3 | 37000 ||| (to cure confusion)
 37043 | Vaults:3 | HP: 27/144 [Mennas/+5 trishula of holy wrath (19)]
 37044 | Vaults:3 | 37044 ||| DRINKING 6 potions of heal wounds.
 37049 | Vaults:3 | HP: 36/144 [Mennas/+5 trishula of holy wrath (7)]
 37050 | Vaults:3 | 37050 ||| DRINKING 5 potions of heal wounds.
 37057 | Vaults:3 | HP: 36/144 [Mennas/+5 trishula of holy wrath (4)]
 37058 | Vaults:3 | 37058 ||| DRINKING 4 potions of heal wounds.
 37061 | Vaults:3 | 37061 ||| READING 10 scrolls of teleportation.
 37062 | Vaults:3 | 37062 ||| DRINKING 3 potions of heal wounds.
 37178 | Vaults:4 | 37178 ||| PLANNING DESOLATION
 37474 | Vaults:4 | Noticed Xtahua
 37475 | Vaults:4 | 37475 ||| DRINKING 3 potions of resistance.
 37476 | Vaults:4 | 37476 ||| INVOKING Heroism.
 37499 | Vaults:4 | Killed Xtahua
 37500 | Vaults:4 | Reached skill level 6 in Dodging
 37670 | Vaults:4 | Found a crumbling gateway.
 37678 | Desolati | Entered the Desolation of Salt
 37721 | Desolati | Reached skill level 20 in Fighting
 37900 | Desolati | Identified the +1 ring mail "Fuymunu" {rN+ Will+ Dex-2}
 37901 | Desolati | Identified the +6 glaive of Ambiguity {heavy, Drain rElec
                  | Int+2 Stlth+}
 37903 | Desolati | Identified the staff of Understanding {rC+ rN+ Ice}
 37993 | Desolati | Received a gift from Okawaru
 37996 | Desolati | 37996 ||| DRINKING 8 potions of curing.
 37996 | Desolati | 37996 ||| (to cure confusion)
 37999 | Desolati | 37999 ||| DRINKING 7 potions of curing.
 37999 | Desolati | 37999 ||| (to cure confusion)
 38008 | Desolati | 38008 ||| INVOKING Heroism.
 38026 | Desolati | 38026 ||| DRINKING 6 potions of curing.
 38026 | Desolati | 38026 ||| (to cure confusion)
 38148 | Desolati | Received a gift from Okawaru
 38159 | Desolati | 38159 ||| Stepping ~*~*~tactically~*~*~ (hiding).
 38227 | Desolati | Identified the +2 long sword of Eminent Domain {freeze,
                  | Fly}
 38426 | Desolati | Received a gift from Okawaru
 38584 | Vaults:4 | 38584 ||| PLANNING VAULTS:1-4
 38625 | Vaults:4 | Reached skill level 18 in Shields
 38664 | Vaults:4 | 38664 ||| READING scroll of enchant weapon.
 38664 | Vaults:4 | 38664 ||| ENCHANTING +1 vampiric war axe.
 38716 | Vaults:4 | Received a gift from Okawaru
 38741 | Vaults:4 | 38741 ||| DROPPING +1 broad axe of flaming.
 38752 | Vaults:4 | 38752 ||| Stepping ~*~*~tactically~*~*~ (hiding).
 38766 | Vaults:4 | 38766 ||| Stepping ~*~*~tactically~*~*~ (stealth).
 38767 | Vaults:4 | 38767 ||| Stepping ~*~*~tactically~*~*~ (stealth).
 38835 | Vaults:4 | 38835 ||| Stepping ~*~*~tactically~*~*~ (hiding).
 38836 | Vaults:4 | 38836 ||| Stepping ~*~*~tactically~*~*~ (hiding).
 39051 | Vaults:4 | Reached XP level 22. HP: 153/153 MP: 26/26
 39061 | Vaults:4 | 39061 ||| INVOKING Heroism.
 39062 | Vaults:4 | 39062 ||| INVOKING Finesse.
 39105 | Vaults:4 | 39105 ||| DROPPING +2 broad axe of freezing.
 39106 | Vaults:4 | 39106 ||| DROPPING +3 broad axe of venom.
 39127 | Vaults:4 | Identified the ring of the Hippo {EV+5 Int+2}
 39136 | Vaults:4 | Identified the +1 leather armour "Qamicef" {Will+ Str+3}
 39137 | Vaults:4 | Identified the +5 dagger "Mall" {heavy, Str+5}
 39147 | Vaults:4 | 39147 ||| READING scroll of enchant armour.
 39147 | Vaults:4 | 39147 ||| ENCHANTING +2 plate armour of willpower.
 39190 | Vaults:4 | 39190 ||| Stepping ~*~*~tactically~*~*~ (hiding).
 39192 | Vaults:4 | 39192 ||| Stepping ~*~*~tactically~*~*~ (hiding).
 39350 | Vaults:4 | Reached skill level 21 in Fighting
 39391 | Vaults:4 | 39391 ||| DROPPING +3 plate armour.
 39392 | Vaults:4 | 39392 ||| DROPPING +6 ring of strength.
 39699 | Vaults:4 | 39699 ||| FLEEEEING.
 39763 | Vaults:4 | 39763 ||| Stepping ~*~*~tactically~*~*~ (hiding).
 39765 | Vaults:4 | 39765 ||| Stepping ~*~*~tactically~*~*~ (hiding).
 39766 | Vaults:4 | 39766 ||| Stepping ~*~*~tactically~*~*~ (hiding).
 39967 | Vaults:4 | 39967 ||| PLANNING SHOALS:4
 40026 | Vaults:3 | 40026 ||| Stepping ~*~*~tactically~*~*~ (stealth).
 40293 | Shoals:4 | Entered Level 4 of the Shoals
 40329 | Shoals:4 | Received a gift from Okawaru
 40378 | Shoals:4 | 40378 ||| Stepping ~*~*~tactically~*~*~ (hiding).
 40520 | Shoals:4 | 40520 ||| Stepping ~*~*~tactically~*~*~ (stealth).
 40522 | Shoals:4 | 40522 ||| Stepping ~*~*~tactically~*~*~ (hiding).
 40533 | Shoals:4 | 40533 ||| Stepping ~*~*~tactically~*~*~ (cloud).
 40534 | Shoals:4 | 40534 ||| INVOKING Heroism.
 40535 | Shoals:4 | 40535 ||| INVOKING Finesse.
 40540 | Shoals:4 | 40540 ||| Stepping ~*~*~tactically~*~*~ (hiding).
 40588 | Shoals:4 | Reached skill level 12 in Throwing
 40592 | Shoals:4 | 40592 ||| INVOKING Heroism.
 40633 | Shoals:4 | Got a barnacled rune of Zot
 40692 | Shoals:4 | 40692 ||| INVOKING Heroism.
 40693 | Shoals:4 | 40693 ||| INVOKING Finesse.
 40767 | Shoals:4 | 40767 ||| Stepping ~*~*~tactically~*~*~ (hiding).
 40768 | Shoals:4 | 40768 ||| Stepping ~*~*~tactically~*~*~ (stealth).
 40847 | Shoals:4 | 40847 ||| Stepping ~*~*~tactically~*~*~ (hiding).
 40974 | Shoals:4 | 40974 ||| Stepping ~*~*~tactically~*~*~ (hiding).
 40975 | Shoals:4 | 40975 ||| Stepping ~*~*~tactically~*~*~ (hiding).
 41004 | Shoals:4 | Identified the staff of Sudden Death {rElec rPois Int+2
                  | Air}
 41386 | Shoals:4 | 41386 ||| Stepping ~*~*~tactically~*~*~ (hiding).
 41484 | Shoals:4 | 41484 ||| PLANNING DEPTHS
 41771 | Depths:1 | Entered Level 1 of the Depths
 41834 | Depths:1 | Found a runed translucent gate.
 41834 | Depths:1 | Found a runed translucent gate.
 41834 | Depths:1 | Found a runed translucent gate.
 41855 | Depths:1 | 41855 ||| INVOKING Heroism.
 41920 | Depths:1 | 41920 ||| Stepping ~*~*~tactically~*~*~ (hiding).
 41961 | Depths:1 | 41961 ||| INVOKING Heroism.
 41996 | Depths:1 | 41996 ||| INVOKING Heroism.
 42061 | Depths:1 | 42061 ||| INVOKING Heroism.
 42068 | Depths:1 | Received a gift from Okawaru
 42105 | Depths:1 | 42105 ||| INVOKING Heroism.
 42132 | Depths:1 | 42132 ||| INVOKING Heroism.
 42186 | Depths:1 | 42186 ||| INVOKING Heroism.
 42314 | Depths:1 | Found a one-way gate leading to the halls of Pandemonium.
 42346 | Depths:1 | 42346 ||| INVOKING Heroism.
 42378 | Depths:1 | Reached skill level 22 in Fighting
 42391 | Depths:1 | Found a one-way gateway to a ziggurat.
 42423 | Depths:1 | 42423 ||| INVOKING Heroism.
 42467 | Depths:1 | 42467 ||| DRINKING potion of experience.
 42467 | Depths:1 | Reached XP level 23. HP: 162/162 MP: 27/27
 42520 | Depths:1 | Found a gateway to Hell.
 42648 | Depths:1 | Found a glowing golden altar of the Shining One.
 42677 | Depths:1 | 42677 ||| DROPPING +1 pair of boots.
 42728 | Depths:2 | 42728 ||| INVOKING Heroism.
 42770 | Depths:2 | Received a gift from Okawaru
 42822 | Depths:2 | 42822 ||| INVOKING Heroism.
 43015 | Depths:2 | Received a gift from Okawaru
 43016 | Depths:2 | Reached XP level 24. HP: 168/168 MP: 27/27
 43156 | Depths:2 | 43156 ||| INVOKING Heroism.
 43346 | Depths:2 | 43346 ||| Stepping ~*~*~tactically~*~*~ (stealth).
 43348 | Depths:2 | 43348 ||| Stepping ~*~*~tactically~*~*~ (hiding).
 43350 | Depths:2 | 43350 ||| Stepping ~*~*~tactically~*~*~ (hiding).
 43386 | Depths:2 | 43386 ||| INVOKING Heroism.
 43481 | Depths:2 | 43481 ||| INVOKING Heroism.
 43489 | Depths:2 | HP: 23/168 [fire giant/fireball (24)]
 43490 | Depths:2 | 43490 ||| READING 11 scrolls of teleportation.
 43491 | Depths:2 | 43491 ||| DRINKING 2 potions of heal wounds.
 43493 | Depths:2 | 43493 ||| DRINKING potion of heal wounds.
 43744 | Depths:2 | 43744 ||| DROPPING +1 pair of boots.
 43745 | Depths:2 | 43745 ||| DROPPING +2 chain mail of cold resistance.
 43812 | Depths:3 | Received a gift from Okawaru
 43997 | Depths:3 | 43997 ||| Stepping ~*~*~tactically~*~*~ (hiding).
 44000 | Depths:3 | 44000 ||| Stepping ~*~*~tactically~*~*~ (stealth).
 44004 | Depths:3 | 44004 ||| INVOKING Heroism.
 44130 | Depths:3 | 44130 ||| Stepping ~*~*~tactically~*~*~ (hiding).
 44163 | Depths:3 | 44163 ||| INVOKING Heroism.
 44167 | Depths:3 | Received a gift from Okawaru
 44266 | Depths:3 | Identified the +11 demon blade of Resumed Hostilities
                  | {venom, rF+ rCorr}
 44267 | Depths:3 | 44267 ||| INVOKING Heroism.
 44293 | Depths:3 | HP: 32/168 [hell hog/fireball (39)]
 44294 | Depths:3 | 44294 ||| READING 10 scrolls of teleportation.
 44296 | Depths:3 | Reached skill level 21 in Armour
 44351 | Depths:3 | 44351 ||| Stepping ~*~*~tactically~*~*~ (stealth).
 44352 | Depths:3 | 44352 ||| INVOKING Heroism.
 44373 | Depths:3 | HP: 35/168 [living spell/divine providence[a walking divine
                  | tome] (12)]
 44374 | Depths:3 | 44374 ||| READING 9 scrolls of teleportation.
 44376 | Depths:3 | HP: 12/168 [living spell/divine providence[a walking divine
                  | tome] (13)]
 44376 | Depths:3 | Killed from afar by a living spell

Levels and vault maps discovered:
D:1:      minmay_arrival_hallway, layout_rooms, serial_shops, shop
D:2:      layout_rooms, serial_shops, shop,
          hellmonk_ecumenical_altar_crossroads, minmay_misc_feat_chi
D:3:      layout_loops_ring, nicolae_elyvilon_peaceful_grove,
          portal_sewer_entry_e
D:4:      minmay_recursive_quarters, layout_basic, kennysheep_little_box
D:5:      layout_rooms, mainiacjoe_overflow_tiny_flanked,
          dancing_weapons_uskayaw, minmay_temple_entry_drinking_statues,
          serial_shops, shop, shop, nicolae_lakefront_shop,
          nicolae_take_the_stairs, hangedman_abyss_or_decor_stagger,
          chequers_serial_rivers_small_b
D:6:      layout_loops_corners, nzn_wu_jian_council_hall, serial_bayou,
          serial_bayou_ford_a, serial_bayou_crossing, serial_bayou_shore_b,
          serial_bayou_pond_e, grunt_ministairs_6, kennysheep_generic_room_13,
          uniq_grinder
D:7:      layout_basic, xom_confusion_cloud, grunt_temple_overflow_open
D:8:      layout_basic, gammafunk_temple_overflow_statue, chequers_mini_garden,
          kennysheep_just_a_vault
D:9:      hangedman_cross_stitches, layout_loops_ring, enter_bailey_3,
          nicolae_blasting_shop
D:10:     layout_basic, serial_shops, nicolae_shop_window_shopping,
          minmay_evil_grid, uniq_grum
D:11:     layout_cave_pods, minmay_lair_entry_lava, uniq_maurice, uniq_sonja,
          uniq_snorg
D:12:     layout_basic, minmay_orc_entry_guard_dogs, uniq_erolcha,
          uniq_josephine, uniq_urug
D:13:     layout_cave_pools, serial_park, serial_park_square1
          [serial_park_minivault_5x5_2], serial_park_tiny_1, serial_park_tiny_2,
          serial_park_tiny_pond, serial_park_tiny_pond,
          ebering_ghost_funeral_grove, serial_shops,
          nicolae_shop_pleasant_corner_grove, nicolae_shop_tiny_real_fake_doors,
          shop, nicolae_shop_drivethru, shop, small_statue_intersection,
          hangedman_decor_lopped, laboratory
D:14:     layout_roguey, hangedman_vaults_entry_quadrant_bands, fedhas_altar_1,
          nrook_mini_vaults, blue_anna_alchemist
D:15:     grunt_enter_depths_hoard, layout_rooms, ebering_ghost_disaster_area,
          minmay_radiant
Temple:   minmay_temple_forest_path
Lair:1:   layout_cave_pods, basic_altar, grunt_megastairs_3
Lair:2:   layout_regular_city, elwin_shoals_entry_stream, dummy_spider_entry,
          hangedman_lair_generics_rect, lemuel_fruit_tree
Lair:3:   layout_layer_cave, columned_hall_lemuel,
          nicolae_quartered_pool_medium, minivault_23,
          nicolae_lair_grove_arrangements, grunt_megastairs_5, uniq_kirke,
          uniq_prince_ribbit2, uniq_fannar
Lair:4:   layout_gridlike, kennysheep_catoblepas_arena, grunt_megastairs_4
Lair:5:   hellmonk_lair_end_abyssal_woods, layout_cave_shapes,
          minmay_slime_entry_oklob_enclosed, nicolae_volcano_entry_lava_flow,
          serial_bayou_pond_e
Shoals:1: layout_shoals, nicolae_shoals_nymph_descending_staircase
Shoals:2: layout_shoals, nicolae_shoals_undead_eyrie, uniq_polyphemus
Shoals:3: layout_shoals, portal_ice_cave_entry_ice_statue_one, st_sunken_huts,
          uniq_ilsuiw, uniq_mlioglotl
Shoals:4: shoals_end_grunt_ice, layout_shoals
Spider:1: gammafunk_boulding_lane, hellmonk_spider_spawner
Spider:2: layout_spider_delve, uniq_roxanne
Spider:3: layout_spider_delve, hive_lemuel, uniq_jorgrun, uniq_aizul,
          uniq_bai_suzhen
Spider:4: grunt_spider_rune_circles, nicolae_spider_rock_and_or_roll
Orc:1:    layout_caves, gammafunk_ghost_split, uniq_erica
Orc:2:    grunt_orc_cross, layout_caves, serial_shops, bzr_entry_gold
Vaults:1: nicolae_vaults_oval_intersection, ontoclasm_vaults_ring_large,
          v_misc_11, nicolae_vaults_cochlea,
          nicolae_vaults_shipping_containers_4,
          vaults_mumra_minichess_inversion, nicolae_vaults_asterisk,
          ontoclasm_vaults_gateway, nicolae_vaults_house_3,
          vaults_mumra_chevron_long, nicolae_vaults_trapezoid_2,
          vaults_dpeg_hooks, nicolae_vaults_surprise_closet,
          layout_vaults_maze_snakey, trove_entry_hex_spiral
Vaults:2: nicolae_vaults_offset_grid_hallway_1, vaults_room_ringed_pool,
          v_misc_14, minmay_crypt_entry_vampire_xt,
          nicolae_vaults_trapezoid_lopsided_1, nicolae_vaults_trapezoid_3,
          v_alt_pattern_5, v_misc_27, v_misc_10, vaults_mumra_hex,
          vaults_room_pool, layout_vaults_big_room
Vaults:3: nicolae_vaults_bisected_exclaves, v_misc_2, grunt_vaults_swirl,
          nicolae_vaults_sesquioval_fish, nicolae_vaults_network_barrier,
          hangedman_vaults_restitches, v_misc_13, ontoclasm_vaults_ring_small,
          vaults_room_door_ring, nicolae_vaults_circle_grid_b,
          nicolae_vaults_house_1, nicolae_vaults_theta, hangedman_vaults_impose,
          nicolae_vaults_apartment_1, layout_vaults_omnicross, uniq_mennas,
          uniq_jory, uniq_frederick, uniq_asterion
Vaults:4: portal_desolation_entry_garden, nicolae_vaults_asterisk, v_misc_29,
          nicolae_vaults_big_angled_halls, nicolae_vaults_oval_intersection,
          vaults_dpeg_cross, nicolae_vaults_heist,
          nicolae_vaults_storage_room_doors, nicolae_vaults_storage_closets_1,
          nicolae_vaults_storing_the_good_stuff, ontoclasm_vaults_ligature,
          layout_vaults_omnigrid, uniq_xtahua
Depths:1: layout_big_octagon, enter_ziggurat_a, lemuel_statue_altar,
          pf_coc_iceberg, ploomutoo_gammafunk_ghost_potion_laboratory,
          pan_entry, horrible_house_mu
Depths:2: minmay_open_boxes_in_corner, layout_gridville,
          corexii_leaking_fountain, hell_entry, grunt_pan_entry_zigzag
Depths:3: minmay_tile_spiral, layout_gridville, hellmouth_2,
          abyss_entry_crystal, serial_bayou_shore_b

Skill      XL: |  1  2  3  4  5  6  7  8  9 10 11 12 13 14 15 16 17 18 19 20 21 22 23 24 |
---------------+-------------------------------------------------------------------------+-----
Axes           | 2 3 4 5 6 7 8 10 11 12 14 15 16 17 | 17.2
Fighting       | 4 5 6 7 9 10 12 13 15 17 18 19 20 22 | 22.0
Throwing       | 2 3 5 6 7 10 11 12 13 | 13.0
Dodging        | 1 2 3 4 5 6 7 |  7.8
Shields        | 7 8 9 10 11 12 13 14 15 16 17 18 | 18.4
Invocations    | 1 4 9 10 | 10.0
Armour         | 5 6 8 9 11 12 13 15 17 18 19 20 21 | 21.0

Action                     |  1- 3 |  4- 6 |  7- 9 | 10-12 | 13-15 | 16-18 | 19-21 | 22-24 || total
---------------------------+-------+-------+-------+-------+-------+-------+-------+-------++-------
  Melee: War axe           |    76 |   252 |   322 |   610 |   639 |  1174 |  2526 |  1239 ||  6838
         Demon whip        |       |       |       |       |    55 |       |       |       ||    55
         Unarmed           |       |       |       |       |    21 |       |       |       ||    21
         Broad axe         |       |       |       |       |   477 |   210 |       |       ||   687
         Eveningstar       |       |       |       |       |     4 |    12 |       |       ||    16
  Throw: Boomerang         |       |     7 |    37 |    16 |    66 |    23 |   141 |     2 ||   292
         Javelin           |       |       |    17 |    40 |   112 |   141 |   103 |    75 ||   488
 Invoke: Heroism           |       |       |     7 |    27 |    27 |    29 |    29 |    22 ||   141
         Finesse           |       |       |       |       |     9 |     7 |     4 |     3 ||    23
    Use: Scroll            |     2 |     6 |    13 |     8 |     5 |     5 |     3 |     4 ||    46
         Potion            |       |     1 |     6 |     2 |       |     7 |    10 |     3 ||    29
   Stab: Petrified         |       |       |       |       |     2 |     6 |       |       ||     8
         Held in net/web   |       |       |       |       |       |     1 |       |       ||     1
 Armour: Scale mail        |    29 |    48 |       |       |       |       |       |       ||    77
         Chain mail        |       |   110 |   138 |       |       |       |       |       ||   248
         Plate armour      |       |       |    25 |   399 |   644 |   796 |  1095 |   496 ||  3455
  Dodge: Dodged            |    42 |   112 |    94 |   168 |   302 |   399 |   921 |   640 ||  2678
  Block: Buckler           |    12 |    48 |    11 |       |       |       |       |       ||    71
         Kite shield       |       |       |   140 |   440 |   740 |  1309 |  2293 |  1225 ||  6147
         Reflection        |       |       |       |       |       |    37 |    71 |    24 ||   132

Table legend:
 A = Non-vault XP
 B = Vault XP
 C = Vault XP percentage of total XP
 D = Non-vault monster count
 E = Vault monster count
 F = Vault count percentage of total count
                 A         B        C        D         E       F
            +---------+---------+-------+---------+---------+-------
      Total |  410241 |  288314 |  41.3 |    1049 |     586 |  35.8
            +---------+---------+-------+---------+---------+-------
        D:1 |      35 |       0 |   0.0 |      14 |       0 |   0.0
        D:2 |     121 |       0 |   0.0 |      25 |       0 |   0.0
        D:3 |      79 |       9 |  10.2 |      20 |       8 |  28.6
        D:4 |     364 |      44 |  10.8 |      25 |       9 |  26.5
        D:5 |     661 |       0 |   0.0 |      19 |       0 |   0.0
        D:6 |     637 |     529 |  45.4 |      18 |       7 |  28.0
        D:7 |     996 |     419 |  29.6 |      12 |       9 |  42.9
        D:8 |     963 |     188 |  16.3 |      11 |       1 |   8.3
        D:9 |    2241 |    2176 |  49.3 |      18 |      14 |  43.8
       D:10 |    3552 |    4398 |  55.3 |      27 |      12 |  30.8
       D:11 |    3578 |    2821 |  44.1 |      21 |       4 |  16.0
       D:12 |    4215 |    4302 |  50.5 |      13 |      12 |  48.0
       D:13 |    5274 |    2468 |  31.9 |      13 |      13 |  50.0
       D:14 |   13805 |    4516 |  24.6 |      24 |      18 |  42.9
       D:15 |    8889 |    3494 |  28.2 |      18 |       4 |  18.2
     Lair:1 |    8171 |    1732 |  17.5 |      32 |       6 |  15.8
     Lair:2 |    7488 |    6172 |  45.2 |      29 |      12 |  29.3
     Lair:3 |    2567 |    6608 |  72.0 |       8 |      24 |  75.0
     Lair:4 |    8153 |    2567 |  23.9 |      33 |       6 |  15.4
     Lair:5 |   14982 |   12436 |  45.4 |      49 |      40 |  44.9
   Shoals:1 |   10996 |    2639 |  19.4 |      19 |       6 |  24.0
   Shoals:2 |   14608 |    7011 |  32.4 |      23 |      11 |  32.4
   Shoals:3 |   18998 |   11486 |  37.7 |      44 |      15 |  25.4
   Shoals:4 |    8406 |   17651 |  67.7 |      16 |      29 |  64.4
   Spider:1 |   23190 |    3030 |  11.6 |      63 |       4 |   6.0
   Spider:2 |   13624 |    1338 |   8.9 |      31 |       1 |   3.1
   Spider:3 |   18583 |    9443 |  33.7 |      47 |      19 |  28.8
   Spider:4 |   23337 |   18923 |  44.8 |      58 |      35 |  37.6
      Orc:1 |    4381 |     836 |  16.0 |      42 |       1 |   2.3
      Orc:2 |    2900 |    7216 |  71.3 |      32 |      34 |  51.5
   Vaults:1 |   26080 |   10748 |  29.2 |      40 |      15 |  27.3
   Vaults:2 |   33456 |   23895 |  41.7 |      54 |      36 |  40.0
   Vaults:3 |   13049 |   23695 |  64.5 |      18 |      22 |  55.0
   Vaults:4 |   32175 |   21726 |  40.3 |      39 |      27 |  40.9
   Depths:1 |   39699 |    4231 |   9.6 |      50 |       8 |  13.8
   Depths:2 |   27083 |   14882 |  35.5 |      30 |      18 |  37.5
   Depths:3 |   12905 |   10376 |  44.6 |      14 |      15 |  51.7
 Desolation |       0 |   44309 | 100.0 |       0 |      91 | 100.0
            +---------+---------+-------+---------+---------+-------
